 Dungeon Crawl Stone Soup version 0.30-a0-1102-g2dbb833546 (webtiles) character file.

Game seed: 12068600139618595461

569088 Lavandula the Worldbinder (level 27, -8/149 HPs)
             Began as a Human Necromancer on Apr 18, 2023.
             Was a Favourite Plaything of Xom.
             Mangled by a ghoul (19 damage)
             ... on level 10 of a ziggurat.
             The game lasted 04:02:28 (65748 turns).

Lavandula the Worldbinder (Human Necromancer)      Turns: 65748, Time: 04:02:28

Health: -8/149     AC: 21    Str: 11 (12) XL:     27
Magic:  3/42       EV: 19    Int: 36 (40) God:    Xom [.....*]
Gold:   5969       SH: 15    Dex: 17 (19) Spells: 6/56 levels left

rFire   + + +      SeeInvis +    D - +9 rapier (elec)
rCold   + + .      Faith    .    p - +3 buckler
rNeg    + + .      Spirit   .    N - +5 steam dragon scales
rPois   +          Reflect  .    Z - +4 hat of Impressiveness {rPois rF+}
rElec   +          Rampage  .    Q - scarf {shadows}
rCorr   +                        o - +0 pair of gloves "Javu" {Drain rC+ rN+}
Will    ++++.                    L - +2 pair of boots of Indemnity {rN+ Will+ rCorr Int+3}
Stlth   +++++                    y - amulet of regeneration
HPRegen 1.24/turn                u - ring "Kootougg" {rElec rCorr Int+6}
MPRegen 0.28/turn                X - ring "Eci Aran" {Will+ SInv}

@: flayed, calling dragons, studying 4 skills
A: large bone plates 1, agile 2, clever 2, cold resistance 1, deterioration 1,
fire resistance 3, frail 3, strong 1, sturdy frame 1
}: 4/15 runes: decaying, serpentine, slimy, silver
a: Renounce Religion


You were on level 10 of a ziggurat.
You worshipped Xom.
You were Xom's teddy bear.
You visited 11 branches of the dungeon, and saw 51 of its levels.
You visited 2 bazaars.
You visited 1 ziggurat, and saw 10 of its levels.
You also visited: Sewer, Bailey, Gauntlet and Volcano.

You collected 9524 gold pieces.
You spent 3555 gold pieces at shops.

Inventory:

Hand Weapons
 D - a +9 rapier of electrocution (weapon)
 V - the +5 rapier of Integrity {holy, rPois rN+ Int-4 Stlth+}
   (You found it on level 1 of the Lair of Beasts)

   Int:       It affects your intelligence (-4).
   rPois:     It protects you from poison.
   rN:        It protects you from negative energy.
   Stlth:     It makes you more stealthy.
Missiles
 l - a throwing net
 s - 15 curare-tipped darts (quivered)
Armour
 o - the +0 pair of gloves "Javu" (worn) {Drain rC+ rN+}
   (You found it in a Gauntlet)

   rC:        It protects you from cold.
   rN:        It protects you from negative energy.
   Drain:     It drains your maximum health when unequipped.
 p - a +3 buckler (worn)
 G - a +2 cloak
 L - the +2 pair of boots of Indemnity (worn) {rN+ Will+ rCorr Int+3}
   (You found it on level 6 of the Dungeon)

   Int:       It affects your intelligence (+3).
   rN:        It protects you from negative energy.
   rCorr:     It protects you from acid and corrosion.
   Will:      It increases your willpower.
 N - +5 steam dragon scales (worn)
 Q - a scarf of shadows (worn)
 Z - the +4 hat of Impressiveness (worn) {rPois rF+}
   (You found it in a Gauntlet)

   rF:        It protects you from fire.
   rPois:     It protects you from poison.
Jewellery
 a - the ring of Temptation {Will+ rCorr AC+4 Int+3 Dex+2}
   (You found it on level 3 of a ziggurat)

   [ring of protection]

   AC:        It affects your AC (+4).
   Int:       It affects your intelligence (+3).
   Dex:       It affects your dexterity (+2).
   rCorr:     It protects you from acid and corrosion.
   Will:      It increases your willpower.
 u - the ring "Kootougg" (left hand) {rElec rCorr Int+6}
   (You acquired it on level 3 of the Swamp)

   [ring of intelligence]

   Int:       It affects your intelligence (+6).
   rElec:     It insulates you from electricity.
   rCorr:     It protects you from acid and corrosion.
 y - an amulet of regeneration (around neck)
 W - a ring of wizardry
 X - the ring "Eci Aran" (right hand) {Will+ SInv}
   (You found it on level 1 of the Snake Pit)

   [ring of see invisible]

   SInv:      It lets you see invisible.
   Will:      It increases your willpower.
Wands
 n - a wand of mindburst (34)
 B - a wand of polymorph (40)
 E - a wand of digging (42)
 M - a wand of acid (22)
 O - a wand of iceblast (36)
 P - a wand of paralysis (51)
Scrolls
 d - 18 scrolls of teleportation
 g - 3 scrolls of amnesia
 h - 8 scrolls of fear
 q - 3 scrolls of enchant armour
 C - a scroll of butterflies
 F - 18 scrolls of vulnerability
 I - 6 scrolls of poison
 R - 3 scrolls of magic mapping
 T - 8 scrolls of fog
 U - 5 scrolls of immolation
 Y - 3 scrolls of silence
Potions
 b - 6 potions of magic
 c - 6 potions of berserk rage
 e - 22 potions of curing
 f - 10 potions of might
 i - 2 potions of mutation
 j - 11 potions of lignification
 m - 12 potions of flight
 r - 6 potions of ambrosia
 t - 7 potions of cancellation
 w - 4 potions of invisibility
 x - 8 potions of haste
 A - 5 potions of resistance
 J - 9 potions of attraction
 K - 10 potions of brilliance
Miscellaneous
 k - a phantom mirror
 H - a condenser vane


   Skills:
 + Level 16.8 Fighting
 - Level 14.0 Short Blades
 - Level 10.1 Armour
 - Level 13.0 Dodging
 - Level 10.4 Stealth
 - Level 13.0 Shields
 - Level 15.0 Spellcasting
 - Level 9.0 Conjurations
 - Level 15.0 Hexes
 - Level 22.1 Summonings
 - Level 5.2 Necromancy
 - Level 8.0 Translocations
 - Level 9.9 Transmutations
 - Level 7.3 Earth Magic
 - Level 12.3 Evocations


You had 6 spell levels left.
You knew the following spells:

 Your Spells              Type           Power      Damage    Failure   Level
a - Dragon's Call         Summ           56%        N/A       19%         9
c - Animate Dead          Necr           59%        N/A       1%          4
d - Summon Horrible Thin  Summ           56%        N/A       1%          8
f - Irradiate             Conj/Tmut      38%        3d24      1%          5
g - Apportation           Tloc           100%       N/A       1%          1
h - Summon Forest         Summ/Tloc      47%        N/A       1%          5
i - Passage of Golubria   Tloc           71%        N/A       1%          4
j - Malign Gateway        Summ/Tloc      47%        N/A       2%          7
k - Enfeeble              Hex            47%        N/A       2%          7

Your spell library contained the following spells:

 Spells                   Type           Power      Damage    Failure   Level
 Slow                     Hex            100%       N/A       0%          1
 Summon Small Mammal      Summ           100%       N/A       0%          1
 Call Imp                 Summ           100%       N/A       0%          2
 Call Canine Familiar     Summ           100%       N/A       0%          3
 Confusing Touch          Hex            94%        N/A       0%          3
 Summon Guardian Golem    Hex/Summ       100%       N/A       0%          3
 Tukima's Dance           Hex            94%        N/A       0%          3
 Kiss of Death            Conj/Necr      100%       2d13      1%          1
 Magic Dart               Conj           100%       1d8       1%          1
 Necrotise                Necr           100%       1d9       1%          1
 Sandblast                Erth           100%       2d20      1%          1
 Cigotuvi's Dreadful Rot  Necr/Pois/Air  78%        N/A       1%          2
 Lesser Beckoning         Tloc           100%       N/A       1%          2
 Passwall                 Tmut/Erth      60%        N/A       1%          2
 Searing Ray              Conj           100%       2d8       1%          2
 Static Discharge         Conj/Air       100%       2-7/arc   1%          2
 Sublimation of Blood     Necr           59%        N/A       1%          2
 Wereblood                Tmut           78%        N/A       1%          2
 Dazzling Flash           Conj/Hex       100%       N/A       1%          3
 Gell's Gravitas          Tloc           71%        N/A       1%          3
 Ignite Poison            Fire/Tmut/Pois 50%        N/A       1%          3
 Inner Flame              Hex/Fire       69%        N/A       1%          3
 Mephitic Cloud           Conj/Pois/Air  48%        N/A       1%          3
 Portal Projectile        Hex/Tloc       100%       N/A       1%          3
 Stone Arrow              Conj/Erth      100%       3d13      1%          3
 Teleport Other           Tloc           71%        N/A       1%          3
 Vampiric Draining        Necr           59%        2d10      1%          3
 Vhi's Electric Charge    Tloc/Air       100%       N/A       1%          3
 Volatile Blastmotes      Fire/Tloc      100%       2d18      1%          3
 Anguish                  Hex/Necr       39%        N/A       1%          4
 Cause Fear               Hex            47%        N/A       1%          4
 Dispel Undead            Necr           59%        3d21      1%          4
 Fulminant Prism          Conj/Hex       42%        3d19      1%          4
 Iskenderun's Mystic Bla  Conj/Tloc      73%        2d15      1%          4
 Leda's Liquefaction      Hex/Erth       41%        N/A       1%          4
 Manifold Assault         Tloc           71%        N/A       1%          4
 Petrify                  Tmut/Erth      73%        N/A       1%          4
 Summon Ice Beast         Ice/Summ       82%        N/A       1%          4
 Summon Lightning Spire   Summ/Air       82%        N/A       1%          4
 Blade Hands              Tmut           39%        N/A       1%          5
 Metabolic Englaciation   Hex/Ice        34%        N/A       1%          5
 Silence                  Hex/Air        34%        N/A       1%          5
 Summon Mana Viper        Hex/Summ       100%       N/A       1%          5
 Yara's Violent Unravell  Hex/Tmut       43%        3d17      1%          5
 Poisonous Vapours        Pois/Air       54%        N/A       2%          2
 Flame Wave               Conj/Fire      56%        2d13      2%          4
 Sticky Flame             Conj/Fire      56%        2d7       2%          4
 Lee's Rapid Deconstruct  Erth           34%        3d17*     2%          5
 Borgnjor's Vile Clutch   Necr/Erth      32%        N/A       3%          5
 Ozocubu's Armour         Ice            27%        N/A       4%          3
 Agony                    Necr           59%        N/A       4%          5
 Arcjolt                  Conj/Air       28%        1d38      7%          5
 Statue Form              Tmut/Erth      48%        N/A       7%          6
 Dispersal                Tloc           35%        N/A       9%          6
 Freezing Cloud           Conj/Ice/Air   24%        6-21      13%         5
 Airstrike                Air            13%        2d(2-18)  16%         4
 Death Channel            Necr           29%        N/A       28%         6
 Conjure Ball Lightning   Conj/Air       28%        3x3d8     36%         6
 Starburst                Conj/Fire      28%        6d9       36%         6
 Simulacrum               Ice/Necr       22%        N/A       63%         6
 Plasma Beam              Fire/Air       13%        2x1d27    94%         6
 Monstrous Menagerie      Summ           56%        N/A       1%          7
 Summon Hydra             Summ           56%        N/A       1%          7
 Dragon Form              Tmut           39%        N/A       22%         7
 Storm Form               Tmut/Air       29%        N/A       87%         7
 Disjunction              Tloc           35%        N/A       98%         8
 Lehudib's Crystal Spear  Conj/Erth      36%        10d9      98%         8
 Necromutation            Tmut/Necr      34%        N/A       99%         8
 Ozocubu's Refrigeration  Ice            13%        4d10      100%        7
 Borgnjor's Revivificati  Necr           29%        N/A       100%        8
 Ignition                 Fire           13%        3d6       100%        8
 Maxwell's Capacitive Co  Air            13%        ∞         100%        8
 Chain Lightning          Conj/Air       28%        3d37      100%        9
 Death's Door             Necr           29%        N/A       100%        9
 Fire Storm               Conj/Fire      28%        8d7       100%        9
 Polar Vortex             Ice            13%        N/A       100%        9
 Shatter                  Erth           34%        3d28*     100%        9


Dungeon Overview and Level Annotations

Branches:
Dungeon (15/15)            Temple (1/1) D:4            Lair (5/5) D:10
  Swamp (4/4) Lair:3        Snake (4/4) Lair:2        Slime (5/5) Lair:4
    Orc (2/2) D:12            Elf (3/3) Orc:2        Vaults (5/5) D:13
  Crypt (3/3) Vaults:2       Tomb (0/3) Crypt:3      Depths (4/4) D:15
    Zot (0/5) Depths:4      Sewer (visited)          Bailey (visited)
Volcano (visited)         Gauntlet (visited)

Altars:
Ashenzari
Cheibriados
Dithmenos
Elyvilon
Fedhas
Gozag
Hepliaklqana
Kikubaaqudgha
Makhleb
Nemelex Xobeh
Okawaru
Qazlal
Ru
Sif Muna
Trog
Uskayaw
Vehumet
Wu Jian
Xom
Yredelemnul
Zin
The Shining One

Shops:
Orc:1 (   Orc:2 ((![   Elf:1 (   Snake:1 [   Vaults:2 !   Vaults:3 *?(=

Portals:
Hell: Depths:1 Depths:2 Depths:3 Depths:4
Abyss: Depths:3
Pandemonium: Depths:2

Annotations:
Elf:1 3 runed translucent doors
Depths:1 tengu reaver (drown)


Innate Abilities, Weirdness & Mutations

You are partially covered in large bone plates. (SH +4)
You are very agile. (Dex +8, Str/Int -2)
Your mind is very acute. (Int +8, Str/Dex -2)
Your flesh is cold resistant. (rC+)
Your body sometimes deteriorates upon taking damage.
Your flesh is almost immune to the effects of heat. (rF+++)
You are extremely frail. (-30% HP)
Your muscles are strong. (Str +4, Int/Dex -1)
Your movements are slightly less encumbered by armour. (ER -2)


Message History

Unknown command.
Unknown command.
Okay, then.
Unknown command.
Okay, then.
Unknown command.
Unknown command.
Casting: Summon Horrible Things (dangerous; 1% risk of failure)
Confirm with . or Enter, or press ? or * to list all spells.
Aiming: Passage of Golubria (mildly dangerous; 1% risk of failure)
Press: ? - help, Dir - move target, p - curse skull Your eldritch tentacle barely misses the freezing wraith.
Your eldritch tentacle claws the freezing wraith!
The freezing wraith is engulfed in flames!!
The freezing wraith is burned terribly!
The curse skull calls on the powers of darkness!
Your body is wracked with pain!
* * * LOW HITPOINT WARNING * * *
Your eldritch tentacle slaps the curse skull!!
The curse skull is destroyed!
The freezing wraith disappears in a puff of smoke!
The shadow wraith disappears in a puff of smoke!
The juggernaut zombie disappears in a puff of smoke!
The freezing wraith disappears in a puff of smoke!
The wight disappears in a puff of smoke!
The glowing shapeshifter skeleton disappears in a puff of smoke!
The shadow wraith disappears in a puff of smoke!
The necrophage disappears in a puff of smoke!
The storm dragon skeleton closely misses you.
The storm dragon skeleton claws you but does no damage.
The storm dragon skeleton tramples you but does no damage.
The flayed ghost stares at you with tortured malice.
Terrible wounds open up all over your body!
* * * LOW HITPOINT WARNING * * *
You block the ghoul's attack. x2
The ancient lich attacks as you move away!
You block the ancient lich's attack. The ghoul attacks as you move away!
The ghoul completely misses you. The ghoul claws you!!
You die...
Xom roars with laughter!

▓▓▓▓▓▓▓▓▓▓▓
▓.........▓
▓.........▓
▓▓▓▓▓▓.........▓▓▓▓▓▓
▓.......^...........▓
▓.........§§........▓
▓|/^.....@Z.z.w.....▓
▓∩)[.....LnZ..│.....▓
▓>/)........LW.\...∩▓
▓∩!......WzWn.Z°\☼.○▓
▓............z☼§☼*°°▓
▓............LWV§○V.▓
▓...............☼○○Z▓
▓▓▓▓▓§........▓▓▓▓▓▓
▓.........▓


You could see a ghoul, 2 ancient liches, a dread lich (invisible), 2 revenants,
a jiangshi (summoned), a flayed ghost, 2 shadow wraiths, a curse skull, a
freezing wraith (summoned), a spectral spark wasp (summoned), a necrophage
(summoned), a storm dragon skeleton (summoned, ally target), a fire giant
skeleton (summoned) and a friendly eldritch tentacle.

Vanquished Creatures
  the Royal Jelly (Slime:5)
  A dread lich (Vaults:5)
  Mennas (Crypt:3)
  A Killer Klown (Zig:9)
  the Lernaean hydra (Swamp:4)
  3 caustic shrikes (Depths:3)
  A golden dragon (Vaults:5)
  A bone dragon (Crypt:3)
  2 Brimstone Fiends (Zig:5)
  A hellephant (Zig:5)
  Zenata (Elf:1)
  Jorgrun (D:14)
  A tentacled monstrosity (Vaults:5)
  A lich (Crypt:3)
  A searing wretch (Zig:8)
  A titan (Vaults:5)
  10 acid blobs
  A quicksilver dragon (Depths:4)
  A deep elf blademaster (Elf:3)
  5 sphinxes
  9 ancient champions
  3 shadow dragons
  2 storm dragons
  A revenant (Crypt:1)
  8 nagarajas
  8 azure jellies
  5 rockslimes
  9 vault wardens
  5 fire giants
  6 deep elf sorcerers
  4 balrugs (Zig:8)
  A ghost moth (D:11)
  2 frost giants
  2 curse skulls
  8 quicksilver oozes
  2 caustic shrike skeletons (Crypt:3)
  3 ironbound thunderhulks
  4 stone giants
  6 very ugly things
  4 war gargoyles
  14 ironbound preservers
  3 ghouls (Crypt:3)
  3 vampire knights
  The ghost of Xiggev the Fighter, a journeyman OpMo of Vehumet (Lair:4)
  A deep elf demonologist (Elf:3)
  4 eleionomae
  A minotaur (Gauntlet)
  A lorocyproca (Zig:4)
  A white draconian (Depths:4)
  4 dire elephants
  Nessos (D:14)
  4 bunyips
  4 deep elf annihilators
  The ghost of Sheero the Severer, a journeyman MiBe of Trog (Orc:2)
  2 black draconians (Depths:4)
  A bunyip (shapeshifter) (Vaults:1)
  A spark wasp (Depths:3)
  2 deep elf death magi
  2 eidola
  5 great orbs of eyes
  An ettin (shapeshifter) (Vaults:5)
  Josephine (Lair:5)
  4 ettins
  6 jiangshi
  A crystal guardian (Vaults:4)
  3 fire dragons
  11 yaktaur captains
  4 deep elf high priests
  2 rakshasas
  2 spriggan zombies
  5 ice dragons
  17 vault guards
  2 ghost crabs
  3 peacekeepers
  A quicksilver dragon skeleton (Crypt:3)
  22 hydras
  An ogre mage (Vaults:5)
  7 ironbound frosthearts
  A catoblepas (Lair:5)
  An alligator snapping turtle (Depths:4)
  2 spriggan skeletons
  18 centaur warriors
  3 boulder beetles
  A death knight (Crypt:3)
  7 anacondas
  6 two-headed ogres
  8 alligators
  7 death yaks
  A satyr (shapeshifter) (Vaults:2)
  28 dancing weapons
  A deep troll shaman (Lair:5)
  3 orc high priests (Orc:2)
  4 deep troll earth magi
  5 spriggan berserkers
  6 vampire magi
  8 naga warriors
  A hell knight (Vaults:5)
  3 titan skeletons
  A soul eater (Crypt:3)
  4 naga sharpshooters
  2 shock serpents (Snake:4)
  Sonja (D:13)
  A sun demon (Depths:4)
  12 deep elf knights
  5 iron trolls
  A sixfirhy (Gauntlet)
  14 skeletal warriors
  A death drake (Swamp:4)
  A salamander mystic (Snake:3)
  27 deep trolls
  4 spriggan druids
  6 sea snakes (Snake:4)
  6 glowing orange brains
  3 flayed ghosts
  A bunyip skeleton (Crypt:3)
  A spriggan rider (Swamp:1)
  5 harpies (Vaults:1)
  6 bog bodies
  5 swamp dragons
  8 phantasmal warriors
  14 ironbound convokers
  7 deep elf archers
  8 wizards
  8 lindwurms
  20 deep elf zephyrmancers
  25 deep elf pyromancers
  5 mana vipers
  2 necromancers
  9 orc knights
  A jorogumo zombie (Crypt:1)
  6 orc sorcerers
  A faun (shapeshifter) (Zig:9)
  25 ugly things
  2 stone giant zombies
  3 manticores
  A will-o-the-wisp (Swamp:2)
  A manticore (shapeshifter) (Vaults:4)
  3 cyclopes
  2 apocalypse crabs
  8 salamanders
  5 guardian serpents
  2 toenail golems (Volcano)
  3 moths of wrath
  8 naga magi
  23 black mambas
  A molten gargoyle (Volcano)
  An eye of devastation (Slime:5)
  22 elephants
  An iron dragon skeleton (Crypt:3)
  A rust devil (Depths:2)
  A shock serpent zombie (Snake:4)
  A stone giant skeleton (Crypt:3)
  5 torpor snails (Lair:1)
  A water nymph (D:13)
  A centaur skeleton (Crypt:3)
  11 vault sentinels
  15 cane toads
  A gargoyle (D:12)
  2 smoke demons
  An orc skeleton (Crypt:3)
  11 komodo dragons
  3 freezing wraiths
  2 unseen horrors
  5 rime drakes
  A naga skeleton (Crypt:3)
  A hellion (Zig:5)
  2 efreet (Volcano)
  A tengu conjurer (Depths:4)
  24 yaktaurs
  A queen bee (Lair:4)
  A catoblepas skeleton (Crypt:1)
  9 trolls
  4 meliai
  A death drake zombie (Crypt:1)
  Grinder (D:5)
  9 blink frogs
  A hydra zombie (Swamp:4)
  A green draconian skeleton (Crypt:1)
  4 harpy skeletons (Crypt:3)
  A hellwing (Depths:2)
  6 polar bears
  A bloated husk (Swamp:2)
  7 tyrant leeches
  5 hornets
  A sphinx simulacrum (Depths:2)
  A tarantella zombie (Crypt:3)
  Prince Ribbit (Lair:1)
  6 dream sheep (Lair:3)
  59 slime creatures
  A jumping spider (shapeshifter) (D:13)
  4 flying skulls (Gauntlet)
  A shapeshifter (Lair:1)
  2 air elementals (Elf:2)
  A black mamba zombie (Lair:2)
  A ynoxinul (Depths:2)
  10 spriggans
  8 fire elementals
  A fire dragon skeleton (Crypt:2)
  A yak (shapeshifter) (D:15)
  A vampire (D:12)
  A human (shapeshifter) (Elf:2)
  3 water elementals
  5 wyverns
  7 wraiths
  26 yaks
  Eustachio (D:5)
  7 golden eyes
  3 basilisks
  8 vampire mosquitoes
  3 steam dragons
  3 wargs
  A water nymph zombie (Crypt:3)
  27 nagas
  An acid dragon (D:13)
  17 swamp worms
  12 water moccasins
  A hornet zombie (Crypt:3)
  34 orc warriors
  8 swamp drakes
  2 elf zombies (Elf:1)
  A blink frog zombie (Crypt:3)
  14 wolves
  2 boggarts
  5 ogres
  A snapping turtle skeleton (Crypt:1)
  13 centaurs
  A manticore skeleton (Crypt:2)
  A phantom (D:4)
  23 nameless horrors
  10 bullfrogs
  2 kobold brigands
  A scorpion (D:5)
  2 gnoll sergeants
  A yaktaur skeleton (Crypt:1)
  7 earth elementals
  A komodo dragon skeleton (Crypt:2)
  2 warg zombies
  17 wights
  A raiju zombie (Crypt:3)
  21 killer bees
  An electric eel (D:9)
  10 howler monkeys
  A bullfrog zombie (Crypt:2)
  4 hounds
  A jelly (Lair:4)
  21 orc priests
  3 gnoll boudas
  A human skeleton (Crypt:1)
  2 iguanas
  24 orc wizards
  A hell rat (Lair:3)
  20 gnolls
  A swamp drake zombie (Swamp:4)
  5 adders
  A gnoll zombie (D:5)
  2 river rats (D:4)
  A shadow imp (D:5)
  5 ufetubi
  An adder skeleton (Crypt:3)
  2 worms
  3 dart slugs
  89 orcs
  3 endoplasms
  4 goblins
  6 hobgoblins
  3 jackals (D:4)
  22 kobolds
  7 quokkas
  8 ball pythons
  3 bats
  7 frilled lizards
  3 orc zombies
  6 rats
  A river rat skeleton (Crypt:3)
  A fire vortex (Volcano)
1533 creatures vanquished.

Vanquished Creatures (collateral kills)
  A dread lich (Crypt:3)
  Mara (Snake:3)
  A pandemonium lord (Zig:9)
  Margery (Crypt:3)
  A golden dragon (Vaults:5)
  5 tentacled monstrosities
  An Ice Fiend (Zig:2)
  Rupert (D:13)
  2 liches
  2 titans (Vaults:5)
  A quicksilver dragon (Vaults:5)
  13 acid blobs
  A sphinx (Depths:2)
  3 ancient champions
  3 tengu reavers (Vaults:5)
  An eldritch tentacle (Depths:1)
  2 tentacled starspawn (Zig:7)
  2 storm dragons (Vaults:5)
  5 rockslimes
  2 azure jellies
  Donald (Vaults:4)
  3 nagarajas (Snake:4)
  An azure jelly (shapeshifter) (Zig:9)
  A revenant (Crypt:3)
  A frost giant (Vaults:5)
  A balrug (Depths:4)
  8 vault wardens
  5 fire giants
  11 deep elf sorcerers
  A caustic shrike zombie (Crypt:1)
  A draconian shifter (Depths:4)
  An orc warlord (Vaults:2)
  A ghoul (Crypt:3)
  2 curse skulls
  9 ironbound preservers
  2 deep elf elementalists (Elf:3)
  5 stone giants
  2 quicksilver oozes
  A caustic shrike skeleton (Crypt:3)
  A reaper (Crypt:3)
  14 very ugly things
  A war gargoyle (Vaults:5)
  2 deep elf demonologists (Elf:3)
  An ironbound thunderhulk (Vaults:4)
  A black draconian (Depths:4)
  3 vampire knights
  3 deep elf annihilators (Elf:3)
  An eleionoma (Swamp:1)
  4 dire elephants
  4 spark wasps
  A starcursed mass (Zig:7)
  4 ettins
  7 yaktaur captains
  7 jiangshi
  3 eidola
  A fire dragon (Depths:2)
  4 deep elf high priests
  A green death (Depths:2)
  A spriggan zombie (Crypt:3)
  3 great orbs of eyes
  A peacekeeper (Vaults:4)
  6 hydras
  13 vault guards
  An ice dragon (Depths:1)
  2 spriggan air magi (Depths:4)
  A rakshasa (Depths:2)
  2 spriggan skeletons (Crypt:3)
  An ogre mage (Vaults:5)
  5 centaur warriors
  An ironbound frostheart (Vaults:4)
  4 naga warriors
  4 alligators
  2 deep troll shamans
  3 dancing weapons (Elf:2)
  2 hell hogs
  2 spriggan berserkers (Depths:4)
  4 vampire magi
  2 soul eaters
  4 hell knights
  A shock serpent (Snake:3)
  3 deep troll earth magi
  A wretched star (Zig:7)
  2 deep elf knights (Elf:2)
  6 naga sharpshooters
  A skyshark (Lair:5)
  A shadow wraith (Zig:6)
  25 deep trolls
  19 skeletal warriors
  3 titan skeletons (Crypt:3)
  A deep troll (shapeshifter) (Vaults:5)
  A salamander mystic (Snake:3)
  2 iron trolls
  A spriggan druid (Swamp:4)
  4 sea snakes (Snake:4)
  A flayed ghost (Depths:2)
  An orb spider (Zig:3)
  A bunyip skeleton (Crypt:3)
  A skyshark (shapeshifter) (Vaults:5)
  3 lindwurms
  5 swamp dragons (Swamp:4)
  2 ironbound convokers (Vaults:4)
  A glowing orange brain (Vaults:4)
  A harpy (Vaults:4)
  A deep elf archer (Elf:2)
  2 orange crystal statues (Zig:6)
  A wizard (Vaults:3)
  2 naga ritualists
  9 phantasmal warriors
  7 deep elf zephyrmancers
  3 orc knights
  An oklob plant (Lair:5)
  2 shining eyes
  A mana viper (Snake:1)
  14 ugly things
  8 deep elf pyromancers
  3 necromancers
  5 salamanders
  A shadow dragon skeleton (Depths:2)
  6 nameless horrors
  An ice statue (Zig:6)
  2 smoke demons (Zig:7)
  47 slime creatures
  A guardian serpent (shapeshifter) (Vaults:5)
  A molten gargoyle (Volcano)
  5 black mambas
  2 cane toads (Lair:5)
  4 apocalypse crabs
  2 guardian serpents (Snake:4)
  8 vault sentinels
  2 orange demons (Depths:2)
  A centaur skeleton (Crypt:1)
  3 eyes of devastation
  10 naga magi
  A hellion (Zig:2)
  2 freezing wraiths (Vaults:5)
  7 yaktaurs
  A rime drake (Lair:3)
  A komodo dragon (Lair:2)
  An ancient zyme (Zig:7)
  A hellwing (Depths:2)
  A mana viper zombie (Crypt:1)
  A human zombie (Vaults:5)
  3 trolls
  A tyrant leech (Swamp:1)
  2 hornets (Swamp:1)
  A jumping spider (Zig:3)
  A culicivora (Zig:3)
  2 spriggans
  4 water elementals
  6 yaks
  A wraith (Crypt:3)
  A fire elemental (Elf:3)
  4 golden eyes (Slime:5)
  A basilisk (Lair:2)
  2 chaos spawn
  A neqoxec (Depths:2)
  5 swamp worms
  18 nagas
  2 large abominations (Zig:7)
  2 water moccasins (Lair:2)
  An orc warrior (Orc:1)
  A floating eye (Slime:2)
  A swamp dragon zombie (Crypt:2)
  A boggart (Vaults:2)
  2 centaurs (D:11)
  A wolf (Lair:5)
  A rime drake zombie (Crypt:2)
  A bullfrog (Lair:2)
  An earth elemental (Volcano)
  13 wights
  A queen bee zombie (Crypt:1)
  2 killer bees (Lair:4)
  An orc priest (Orc:1)
  A jelly (Lair:4)
  4 orc wizards
  9 orcs
  2 endoplasms (Lair:4)
  A kobold (Sewer)
  2 rats
  3 bushes (Lair:2)
  A butterfly (D:4)
598 creatures vanquished.

Vanquished Creatures (others)
  A Killer Klown (Zig:9)
  78 eldritch tentacles
  A fenstrider witch (shapeshifter) (Zig:9)
  An ironbound preserver (Vaults:1)
  A ghoul (Crypt:3)
  A yaktaur captain (Vaults:5)
  A great orb of eyes (Vaults:3)
  2 storm dragon zombies
  A deep elf knight (Elf:1)
  An ogre zombie (Vaults:3)
  2 deep trolls
  An anaconda zombie (Snake:1)
  A tengu zombie (Vaults:5)
  A swamp dragon (Swamp:4)
  2 ugly thing zombies (D:15)
  2 deep elf zephyrmancers
  A fire giant zombie (Depths:4)
  An ugly thing (Zig:9)
  An eleionoma zombie (Depths:4)
  A draconian zombie (Depths:4)
  2 stone giant zombies (Vaults:5)
  A vault sentinel (Vaults:1)
  4 dire elephant zombies (Vaults:2)
  3 black draconian zombies (Depths:4)
  A white draconian zombie (Depths:4)
  2 sea snake zombies (Snake:4)
  4 elf zombies
  33 human zombies
  2 hydra zombies (Swamp:4)
  A troll (D:14)
  2 bloated husks
  2 guardian serpent zombies
  3 spriggan zombies (Depths:4)
  2 ice dragon zombies (Depths:4)
  A slime creature zombie (Vaults:3)
  A yak (Lair:3)
  A black mamba zombie (Snake:2)
  10 deep troll zombies
  A skyshark zombie (Vaults:5)
  2 elephant zombies (Lair:2)
  3 swamp dragon zombies (Swamp:4)
  A boggart (Vaults:2)
  3 salamander zombies (Snake:3)
  12 yaktaur zombies
  A komodo dragon zombie (D:11)
  2 water moccasin zombies
  3 yak zombies (D:11)
  A polar bear zombie (Lair:3)
  A troll zombie (D:11)
  11 wolf zombies
  A bullfrog zombie (Lair:2)
  A basilisk zombie (Lair:3)
  6 centaur zombies
  2 boggart zombies (Vaults:2)
  9 naga zombies
  A howler monkey zombie (D:8)
  A swamp drake zombie (Swamp:4)
  9 gnoll zombies
  8 kobold zombies
  41 orc zombies
  A demonic plant (Gauntlet)
  6 foxfires (Swamp:2)
  55 fungi
  59 plants
  12 snaplasher vines
  2 starspawn tentacles (Zig:7)
431 creatures vanquished.

Grand Total: 2562 creatures vanquished

Notes
Turn   | Place    | Note
-------+----------+-------------------------------------------
     0 | D:1      | Lavandula the Human Necromancer began the quest for the
                  | Orb.
     0 | D:1      | Reached XP level 1. HP: 13/13 MP: 3/3
   165 | D:1      | Reached XP level 2. HP: 19/19 MP: 0/5
   549 | D:1      | Reached skill level 1 in Short Blades
   549 | D:1      | Reached XP level 3. HP: 2/24 MP: 0/6
  1887 | D:3      | Reached XP level 4. HP: 30/30 MP: 3/7
  2142 | D:3      | Reached XP level 5. HP: 31/35 MP: 0/8
  2254 | D:3      | Learned a level 3 spell: Vampiric Draining
  2259 | D:3      | Learned a level 4 spell: Animate Dead
  3377 | D:4      | Noticed a phantom
  3477 | D:4      | Reached XP level 6. HP: 24/41 MP: 0/9
  3498 | D:4      | Reached skill level 5 in Necromancy
  3530 | D:4      | Found a staircase to the Ecumenical Temple.
  3537 | Temple   | Entered the Ecumenical Temple
  3598 | Temple   | Became a worshipper of Xom of Chaos
  3615 | D:4      | Found a glowing drain.
  3640 | Sewer    | Entered a sewer
  3662 | Sewer    | XOM: silly message
  4190 | D:4      | XOM: silly message
  4197 | D:4      | XOM: potion effect (experience)
  4197 | D:4      | Reached skill level 10 in Fighting
  4197 | D:4      | Reached XP level 7. HP: 61/66 MP: 10/10
  4200 | D:4      | Reached XP level 8. HP: 67/72 MP: 11/11
  4529 | D:4      | Found a hazy altar of Hepliaklqana.
  4566 | D:4      | Found a white marble altar of Elyvilon.
  4746 | D:4      | XOM: cloud trail
  4775 | D:4      | XOM: silly message
  4841 | D:5      | Entered Level 5 of the Dungeon
  4852 | D:5      | Noticed Eustachio
  4859 | D:5      | Killed Eustachio
  4889 | D:5      | XOM is BORED!
  4889 | D:5      | XOM: 1-stop teleportation journey
  4958 | D:5      | Found a transporter.
  5129 | D:5      | Found a shimmering blue altar of Sif Muna.
  5160 | D:5      | Found a blossoming altar of Fedhas.
  5198 | D:5      | XOM: 1-stop teleportation journey
  5305 | D:5      | Found a transporter.
  5319 | D:5      | Noticed Grinder
  5322 | D:5      | XOM: potion effect (invisibility)
  5327 | D:5      | XOM: silly message
  5337 | D:5      | XOM: cast spell 'Call Canine Familiar'
  5353 | D:5      | Paralysed by Grinder for 2 turns
  5360 | D:5      | Paralysed by Grinder for 5 turns
  5609 | D:5      | Killed Grinder
  5610 | D:5      | Reached skill level 1 in Evocations
  5740 | D:5      | Found an ancient bone altar of Kikubaaqudgha.
  5941 | D:6      | Reached XP level 9. HP: 78/78 MP: 12/12
  5945 | D:6      | Learned a level 3 spell: Call Canine Familiar
  5953 | D:6      | Identified the +2 pair of boots of Indemnity {rN+ Will+
                  | rCorr Int+3}
  6046 | D:6      | XOM: smoke on damage
  6418 | D:6      | XOM: silly message
  6586 | D:6      | XOM: silly message
  6774 | D:7      | Learned a level 3 spell: Stone Arrow
  6791 | D:7      | XOM: give mutation
  6791 | D:7      | Gained mutation: You are strong-willed. (Will+) [Xom's
                  | mischief]
  6991 | D:7      | XOM: summons friendly shadow imp
  6996 | D:7      | Reached skill level 1 in Conjurations
  6996 | D:7      | Reached skill level 1 in Earth Magic
  7076 | D:7      | Found a sacrificial altar of Ru.
  7104 | D:7      | XOM: enchant monster (bad)
  7122 | D:7      | XOM: enchant monster (bad)
  7173 | D:7      | XOM: silly message
  7244 | D:7      | XOM: summons 5 hostile demons
  7245 | D:7      | Noticed a rust devil
  7306 | D:7      | Found an ornate altar of the Wu Jian Council.
  7573 | D:8      | XOM: silly message
  7577 | D:8      | XOM: summons 5 hostile demons
  7578 | D:8      | Noticed a soul eater
  7584 | D:8      | XOM: noise
  7592 | D:8      | XOM: summons friendly crimson imp
  8021 | D:8      | Reached XP level 10. HP: 80/85 MP: 15/15
  8106 | D:8      | Identified the +1 robe of the Lily {rPois SInv}
  8494 | D:9      | Found a flagged portal.
  8503 | Bailey   | Entered a bailey
  8787 | Bailey   | XOM: cast spell 'Summon Hydra'
  8829 | Bailey   | Noticed an orc knight
  8834 | Bailey   | XOM: 1-stop teleportation journey
  8840 | Bailey   | XOM: confuse monster(s)
  8842 | Bailey   | XOM: cast spell 'Alistair's Intoxication'
  8843 | Bailey   | XOM: divination: detect items
  8854 | Bailey   | XOM: cast spell 'Alistair's Intoxication'
  8871 | Bailey   | Killed an orc knight
  8872 | Bailey   | Reached skill level 5 in Earth Magic
  9033 | D:9      | XOM: enchant monster (good)
  9036 | D:9      | Reached skill level 5 in Conjurations
  9161 | D:5      | XOM: god gift: cyan potion {god gift}
  9338 | D:9      | XOM: god gift: scroll of brand weapon
  9342 | D:9      | Reached XP level 11. HP: 88/90 MP: 6/16
  9421 | D:9      | XOM: noise
  9891 | D:10     | Entered Level 10 of the Dungeon
  9932 | D:10     | XOM: noise
 10000 | D:10     | XOM: confuse monster(s)
 10040 | D:10     | XOM: god gift: 39 gold pieces
 10299 | D:10     | Found a staircase to the Lair.
 10514 | D:10     | XOM: confusion (+ monsters)
 10556 | D:10     | Found a burning altar of Makhleb.
 10559 | D:10     | Found a glowing golden altar of the Shining One.
 10620 | D:11     | Noticed a two-headed ogre
 10626 | D:11     | Killed a two-headed ogre
 10627 | D:11     | Reached skill level 2 in Summonings
 10741 | D:11     | Reached skill level 3 in Summonings
 10755 | D:11     | XOM: enchant monster (good)
 10776 | D:11     | XOM: divination: detect items
 10890 | D:11     | Reached skill level 4 in Summonings
 10947 | D:11     | Noticed a five-headed hydra
 10948 | D:11     | Noticed a rakshasa
 10957 | D:11     | XOM: enchant monster (bad)
 10958 | D:11     | XOM: confuse monster(s)
 10958 | D:11     | Killed a five-headed hydra
 10959 | D:11     | Reached skill level 5 in Summonings
 10967 | D:11     | Noticed a manticore
 10975 | D:11     | Killed a manticore
 11039 | D:11     | XOM: cast spell 'Olgreb's Toxic Radiance'
 11049 | D:11     | Reached skill level 6 in Summonings
 11049 | D:11     | Reached XP level 12. HP: 97/97 MP: 13/17
 11055 | D:11     | XOM: scenery: summon butterflies
 11172 | D:11     | Noticed a boulder beetle
 11175 | D:11     | a boulder beetle changed into a ghost moth
 11175 | D:11     | Noticed a ghost moth
 11175 | D:11     | XOM: polymorph boulder beetle -> ghost moth
 11192 | D:11     | Killed a ghost moth
 11300 | D:10     | Found a glowing silver altar of Zin.
 11300 | D:10     | Found a basalt altar of Yredelemnul.
 11493 | D:11     | Noticed a two-headed ogre
 11498 | D:11     | Killed a two-headed ogre
 11573 | D:11     | XOM: fake destruction
 11650 | D:11     | Reached skill level 10 in Short Blades
 11906 | D:11     | XOM: cleaving
 11910 | D:11     | XOM: fog
 11914 | D:11     | XOM: summons 5 friendly demons
 11921 | D:11     | Killed a rakshasa
 11921 | D:11     | XOM: silly message
 11979 | D:11     | Noticed a boulder beetle
 11995 | D:11     | XOM: summons 5 friendly demons
 12058 | D:11     | Killed a boulder beetle
 12180 | D:11     | Noticed a storm dragon
 12180 | D:11     | Noticed a frost giant
 12180 | D:11     | Noticed an orc warlord
 12282 | Lair:1   | Entered Level 1 of the Lair of Beasts
 12351 | Lair:1   | Found a snail-covered altar of Cheibriados.
 12436 | Lair:1   | Noticed Prince Ribbit
 12440 | Lair:1   | XOM: smoke on damage
 12444 | Lair:1   | XOM: 9-stop teleportation journey
 12452 | Lair:1   | Identified the +5 rapier of Integrity {holy, rPois rN+
                  | Int-4 Stlth+}
 12470 | Lair:1   | XOM: 11-stop teleportation journey
 12556 | Lair:1   | Found a dark tunnel.
 12561 | Volcano  | Entered a volcano
 12600 | Volcano  | XOM: stat loss: -1 Int (21/22)
 13090 | Volcano  | XOM: summons 8 friendly demons
 13134 | Volcano  | Reached XP level 13. HP: 103/103 MP: 18/18
 13291 | Volcano  | XOM: polymorph efreet -> apocalypse crab
 13297 | Volcano  | XOM: swap monsters
 13310 | Volcano  | Reached XP level 14. HP: 55/111 MP: 2/19
 13794 | Lair:1   | XOM: swap monsters
 13804 | Lair:1   | Killed Prince Ribbit
 14002 | Lair:1   | XOM: torment (63/111 hp)
 14126 | Lair:1   | XOM: draining
 14226 | Lair:1   | Reached skill level 7 in Summonings
 14339 | Lair:1   | XOM: stat loss: -1 Dex (13/14)
 14363 | Lair:1   | XOM: polymorph blink frog -> shapeshifter
 14681 | Lair:2   | XOM: blink monster(s)
 14734 | Lair:2   | XOM: summons friendly white imp
 14735 | Lair:2   | XOM: cast spell 'Olgreb's Toxic Radiance'
 14736 | Lair:2   | XOM: enchant monster (bad)
 14775 | Lair:2   | XOM: give mutations
 14775 | Lair:2   | Gained mutation: You are dopey. (Int -2) [Xom's mischief]
 14775 | Lair:2   | Gained mutation: You have a pair of small horns on your
                  | head. [Xom's mischief]
 14775 | Lair:2   | Gained mutation: You are vulnerable to heat. (rF-) [Xom's
                  | mischief]
 14775 | Lair:2   | Lost mutation: You have a pair of small horns on your head.
                  | [Xom's mischief]
 14785 | Lair:2   | XOM: confuse monster(s)
 14786 | Lair:2   | Reached skill level 5 in Spellcasting
 14860 | Lair:2   | Found a gate leading to a gauntlet.
 14870 | Gauntlet | Entered a Gauntlet
 14870 | Gauntlet | Found a transporter.
 14873 | Gauntlet | Found a transporter.
 14875 | Gauntlet | Found a transporter.
 14891 | Gauntlet | Found a transporter.
 14894 | Gauntlet | Found a transporter.
 14895 | Gauntlet | Found a runed translucent door.
 14895 | Gauntlet | Found a runed translucent door.
 14900 | Gauntlet | Found a transporter.
 14900 | Gauntlet | Noticed a dire elephant
 14916 | Gauntlet | Found a transporter.
 14925 | Gauntlet | Found a transporter.
 14929 | Gauntlet | Found a runed translucent door.
 14936 | Gauntlet | Found a transporter.
 14950 | Gauntlet | Found a transporter.
 14959 | Gauntlet | Found a transporter.
 14961 | Gauntlet | Found a transporter.
 15033 | Gauntlet | Learned a level 5 spell: Irradiate
 15034 | Gauntlet | Identified the staff of poison "Jaif" {rPois rN+ Will-
                  | Dex+4 SInv}
 15053 | Gauntlet | Found a transporter.
 15159 | Gauntlet | Found a transporter.
 15162 | Gauntlet | Identified the +4 hat of Impressiveness {rPois rF+}
 15172 | Gauntlet | Identified the +0 pair of gloves "Javu" {Drain rC+ rN+}
 15265 | Gauntlet | Noticed a minotaur
 15296 | Gauntlet | Killed a minotaur
 15297 | Gauntlet | Reached skill level 1 in Transmutations
 15309 | Gauntlet | Identified the +1 robe "Guch" {rC- rCorr Int+5}
 15312 | Gauntlet | Identified the orb of Contentment {light, -Cast rPois
                  | Will+++ Str-3}
 15316 | Gauntlet | XOM: stat loss: -1 Str (9/10)
 15360 | Lair:2   | XOM: destruction
 15369 | Lair:2   | XOM: scenery: summon butterflies
 15379 | Lair:2   | XOM: summons 7 friendly demons
 15516 | Lair:2   | XOM: god gift: 42 gold pieces
 15569 | Lair:2   | Found a staircase to the Snake Pit.
 15730 | Lair:2   | XOM: 1-stop teleportation journey
 15773 | Lair:2   | XOM: god gift: scroll of teleportation
 16062 | Lair:2   | XOM: scenery: 1 doors open
 16151 | Lair:3   | XOM: 2-stop teleportation journey
 16302 | Lair:3   | XOM: divination: detect creatures
 16306 | Lair:3   | Reached skill level 5 in Transmutations
 16311 | Lair:3   | XOM: enchant monster (good)
 16774 | Lair:3   | XOM: snakes to sticks
 16788 | Lair:3   | Reached XP level 15. HP: 76/117 MP: 25/25
 16800 | Lair:3   | Identified the staff of earth "Pikhlemau" {rN+++ Str-2
                  | Dex+3 Stlth+}
 17161 | Lair:3   | XOM: destruction
 17182 | Lair:3   | Found the +4 robe of Folly {Brill Will-∞ Int+8}
 17340 | Lair:3   | XOM: give mutations
 17340 | Lair:3   | Gained mutation: You are covered in fur. (AC +1) [Xom's
                  | grace]
 17340 | Lair:3   | Gained mutation: You passively map a small area around you.
                  | [Xom's grace]
 17340 | Lair:3   | Gained mutation: You have a pair of small horns on your
                  | head. [Xom's grace]
 17382 | Lair:3   | Found a staircase to the Swamp.
 17478 | Lair:3   | XOM: cast spell 'Death Channel'
 17770 | Lair:3   | XOM: cloud trail
 17933 | Lair:3   | XOM: give mutations
 17933 | Lair:3   | Gained mutation: Your spells are a little easier to cast,
                  | but a little less powerful. [Xom's mischief]
 17933 | Lair:3   | Gained mutation: You have very sharp teeth. [Xom's
                  | mischief]
 18465 | Lair:4   | Found a transporter.
 18469 | Lair:4   | Noticed Xiggev's ghost (journeyman OpMo)
 18497 | Lair:4   | Identified the +5 long sword "Gram" {heavy, rElec rN+}
 18610 | Lair:4   | Found a staircase to the Slime Pits.
 18708 | Lair:4   | XOM: confuse monster(s)
 18908 | Lair:4   | Found a transporter.
 18941 | Lair:4   | XOM: scenery: create altars
 19213 | Lair:5   | Entered Level 5 of the Lair of Beasts
 19215 | Lair:5   | XOM: destruction
 19217 | Lair:5   | XOM: fake destruction
 19247 | Lair:5   | XOM: potion effect (heal wounds)
 19299 | Lair:4   | XOM: stat loss: -1 Str (9/10)
 19461 | Lair:4   | XOM: god gift: book of Cantrips
 19564 | Lair:5   | XOM: swap monsters
 19565 | Lair:5   | XOM: 10-stop teleportation journey
 19566 | Lair:5   | XOM: give mutations
 19566 | Lair:5   | Gained mutation: You are robust. (+10% HP) [Xom's grace]
 19566 | Lair:5   | Lost mutation: You are dopey. (Int -2) [Xom's grace]
 19566 | Lair:5   | Gained mutation: Your muscles are strong. (Str +4, Int/Dex
                  | -1) [Xom's grace]
 19566 | Lair:5   | Gained mutation: Your movements are slightly less
                  | encumbered by armour. (ER -2) [Xom's grace]
 19586 | Lair:5   | Learned a level 7 spell: Summon Hydra
 20004 | Lair:5   | Reached skill level 8 in Summonings
 20018 | Lair:5   | Noticed Josephine
 20023 | Lair:5   | XOM: fog
 20032 | Lair:5   | Killed Josephine
 20241 | Lair:5   | XOM: 1-stop teleportation journey
 20314 | Lair:5   | Reached skill level 9 in Summonings
 20499 | Lair:5   | XOM: give mutation
 20499 | Lair:5   | Lost mutation: Your muscles are strong. (Str +4, Int/Dex
                  | -1) [Xom's mischief]
 20553 | Lair:5   | Lost mutation: You have a pair of small horns on your head.
                  | [potion of mutation]
 20553 | Lair:5   | Lost mutation: You are vulnerable to heat. (rF-) [potion of
                  | mutation]
 20553 | Lair:5   | Gained mutation: You have hidden genetic defects. [potion
                  | of mutation]
 20554 | Lair:5   | Lost mutation: You are strong-willed. (Will+) [potion of
                  | mutation]
 20554 | Lair:5   | Lost mutation: Your spells are a little easier to cast, but
                  | a little less powerful. [potion of mutation]
 20554 | Lair:5   | Gained mutation: You sometimes lose your temper in combat.
                  | [potion of mutation]
 20555 | Lair:5   | Lost mutation: Your movements are slightly less encumbered
                  | by armour. (ER -2) [potion of mutation]
 20555 | Lair:5   | Lost mutation: You have hidden genetic defects. [potion of
                  | mutation]
 20555 | Lair:5   | Lost mutation: You sometimes lose your temper in combat.
                  | [potion of mutation]
 20648 | Lair:5   | Reached XP level 16. HP: 123/136 MP: 14/26
 20677 | Lair:5   | Reached skill level 10 in Summonings
 21049 | D:10     | XOM: silly message
 21066 | D:10     | XOM: noise
 21115 | D:12     | Identified the +5 flail of Aptaveg {holy, Fragile rElec
                  | Str-5 Int+8}
 21246 | D:12     | XOM: potion effect (invisibility)
 21298 | D:12     | Found a staircase to the Orcish Mines.
 21348 | D:12     | XOM: silly message
 21585 | D:12     | XOM: silly message
 21631 | D:12     | XOM: silly message
 21710 | D:12     | XOM: divination: detect items
 21744 | D:12     | Reached skill level 11 in Summonings
 21801 | D:12     | XOM: silly message
 21869 | D:13     | XOM: polymorph centaur warrior -> water nymph
 21998 | D:13     | XOM: polymorph centaur -> killer bee
 22001 | D:13     | XOM: scenery: summon butterflies
 22020 | D:13     | Got the Essays on Phantasmal Iniquitous Magic
 22035 | D:13     | Noticed Sonja
 22051 | D:13     | Killed Sonja
 22106 | D:13     | Found a gate to the Vaults.
 22122 | D:13     | XOM: give mutations
 22122 | D:13     | Lost mutation: You passively map a small area around you.
                  | [Xom's mischief]
 22122 | D:13     | Gained mutation: You are weak. (Str -2) [Xom's mischief]
 22122 | D:13     | Gained mutation: You occasionally lose the ability to read
                  | scrolls when taking damage. [Xom's mischief]
 22122 | D:13     | Gained mutation: Your flesh is heat resistant. (rF+) [Xom's
                  | mischief]
 22191 | D:13     | XOM: swap monsters
 22400 | D:13     | Noticed Rupert
 22412 | D:13     | Killed Rupert
 22481 | D:13     | XOM: summons 4 hostile shadow creatures
 22890 | D:13     | XOM: swap monsters
 22904 | D:13     | Reached skill level 12 in Summonings
 23127 | D:14     | Noticed Jorgrun
 23127 | D:14     | XOM: 6-stop teleportation journey
 23204 | D:14     | XOM: scenery: 1 doors close
 23302 | D:14     | XOM: scenery: 1 doors close
 23334 | D:14     | XOM: scenery: 1 doors open, 1 doors close
 23344 | D:14     | XOM: divine lightning
 23345 | D:14     | Killed Jorgrun
 23409 | D:14     | Noticed Nessos
 23430 | D:14     | Killed Nessos
 23713 | D:15     | Entered Level 15 of the Dungeon
 23754 | D:15     | XOM: fog
 23780 | D:15     | XOM: scenery: summon butterflies
 23809 | D:15     | XOM: scenery: create altars
 23897 | D:15     | Found a broken altar of Ashenzari.
 23937 | D:15     | XOM: polymorph queen bee -> shapeshifter
 23959 | D:15     | Found a staircase to the Depths.
 23959 | D:15     | Noticed a fire giant
 23981 | D:15     | Killed a fire giant
 23995 | D:15     | Reached skill level 5 in Stealth
 23998 | D:15     | XOM: god gift: scroll of poison
 24527 | D:15     | XOM: god gift: potion of curing
 24595 | D:15     | XOM: give mutations
 24595 | D:15     | Gained mutation: Your body sometimes deteriorates upon
                  | taking damage. [Xom's mischief]
 24595 | D:15     | Lost mutation: You are robust. (+10% HP) [Xom's mischief]
 24595 | D:15     | Gained mutation: Your mind is acute. (Int +4, Str/Dex -1)
                  | [Xom's mischief]
 24595 | D:15     | Gained mutation: Potions are less effective at restoring
                  | your health. [Xom's mischief]
 24688 | D:13     | XOM: enchant monster (bad)
 24822 | D:10     | XOM: summons 1 hostile shadow creature
 24932 | Swamp:1  | Entered Level 1 of the Swamp
 25006 | Lair:1   | XOM: god gift: book of the Sky
 25138 | Orc:1    | Entered Level 1 of the Orcish Mines
 25141 | Orc:1    | XOM: 1-stop teleportation journey
 25369 | Orc:1    | Found Coog's Weapon Shoppe.
 25388 | Orc:1    | Reached XP level 17. HP: 127/130 MP: 27/27
 25478 | Orc:2    | Entered Level 2 of the Orcish Mines
 25483 | Orc:2    | Found a transporter.
 25711 | Orc:2    | Found a staircase to the Elven Halls.
 25712 | Orc:2    | Found a transporter.
 25728 | Orc:2    | Found a bloodstained altar of Trog.
 25728 | Orc:2    | Noticed Sheero's ghost (journeyman MiBe)
 26046 | Orc:2    | Found Pore Hanyqu's Antique Armour Shoppe.
 26058 | Orc:2    | XOM: confuse monster(s)
 26063 | Orc:2    | XOM: potion effect (invisibility)
 26064 | Orc:2    | XOM: blink monster(s)
 26093 | Orc:2    | Found Odyschese's Antique Weapon Shop.
 26164 | Orc:2    | Found Ceid's Weapon Shoppe.
 26165 | Orc:2    | Found Jemotam's Distillery.
 26174 | Orc:2    | Bought a potion of haste for 170 gold pieces
 26174 | Orc:2    | Bought a potion of heal wounds for 85 gold pieces
 26174 | Orc:2    | Bought a potion of curing for 51 gold pieces
 26174 | Orc:2    | Bought a potion of lignification for 51 gold pieces
 26536 | Orc:2    | Bought a potion of brilliance for 68 gold pieces
 26536 | Orc:2    | Bought a potion of brilliance for 68 gold pieces
 26536 | Orc:2    | Bought a potion of brilliance for 68 gold pieces
 26536 | Orc:2    | Bought a potion of cancellation for 136 gold pieces
 26736 | Lair:1   | XOM: god gift: scroll of immolation
 26817 | Swamp:1  | XOM: noise
 26823 | Swamp:1  | Reached skill level 10 in Stealth
 26863 | Swamp:1  | XOM: cast spell 'Olgreb's Toxic Radiance'
 26874 | Swamp:1  | XOM: blink monster(s)
 27054 | Swamp:1  | XOM: smoke on damage
 27480 | Swamp:1  | XOM: noise
 27613 | Swamp:2  | You fall into a shaft and drop 1 floor!
 27637 | Swamp:3  | XOM: summons friendly ufetubus
 27638 | Swamp:3  | XOM: polymorph ufetubus -> white imp
 27720 | Swamp:3  | Noticed a tentacled monstrosity
 27720 | Swamp:3  | XOM: 5-stop teleportation journey
 27759 | Swamp:3  | XOM: confuse monster(s)
 27786 | Swamp:3  | Learned a level 5 spell: Summon Forest
 27890 | Swamp:3  | XOM: fog
 27935 | Swamp:3  | Reached skill level 1 in Translocations
 28017 | Swamp:2  | XOM: summons friendly quasit
 28151 | Swamp:2  | XOM: cast spell 'Necromutation'
 28161 | Swamp:2  | Identified the +8 long sword of Untimely Demise {protect,
                  | Int+4}
 28283 | Swamp:2  | XOM: god gift: 357 gold pieces
 28449 | Swamp:2  | Reached skill level 5 in Evocations
 28523 | Swamp:2  | XOM: god gift: Xom's Vellum of the Armadillo {god gift}
 28524 | Swamp:2  | Got Xom's Vellum of the Armadillo {god gift}
 28554 | Swamp:3  | Killed a tentacled monstrosity
 28701 | Swamp:3  | XOM: god gift: +2 dagger of draining
 28750 | Swamp:3  | Identified a scroll of acquirement
 28751 | Swamp:3  | Acquired the ring "Kootougg" {rElec rCorr Int+6}
 28775 | Swamp:3  | XOM: 1-stop teleportation journey
 28826 | Swamp:3  | XOM: god gift: ivory ring {god gift}
 29002 | Swamp:3  | XOM: god gift: 41 gold pieces
 29021 | Swamp:3  | XOM: 4-stop teleportation journey
 29155 | Swamp:4  | Entered Level 4 of the Swamp
 29178 | Swamp:4  | XOM: enchant monster (good)
 29183 | Swamp:4  | XOM: divination: detect creatures
 29263 | Swamp:4  | XOM: divination: detect creatures
 29284 | Swamp:4  | XOM: divination: detect creatures
 29298 | Swamp:4  | XOM: scenery: summon butterflies
 29346 | Swamp:4  | XOM: cast spell 'Summon Small Mammal'
 29357 | Swamp:4  | Reached XP level 18. HP: 81/136 MP: 7/31
 29358 | Swamp:4  | Noticed the 27-headed Lernaean hydra
 29359 | Swamp:4  | XOM: confuse monster(s)
 29364 | Swamp:4  | Killed the 27-headed Lernaean hydra
 29518 | Swamp:4  | XOM: cast spell 'Alistair's Intoxication'
 29624 | Swamp:4  | XOM: divination: detect creatures
 29688 | Swamp:4  | XOM: divination: magic mapping
 29791 | Swamp:4  | XOM: 5-stop teleportation journey
 30095 | Swamp:4  | Got a decaying rune of Zot
 30496 | Snake:1  | Entered Level 1 of the Snake Pit
 30647 | Snake:1  | XOM: silly message
 30696 | Snake:1  | Reached skill level 10 in Evocations
 31163 | Snake:1  | Found Cecuat's Armour Boutique.
 31191 | Snake:1  | Learned a level 4 spell: Passage of Golubria
 31195 | Snake:1  | XOM: cloud trail
 31428 | Snake:1  | Identified the ring "Eci Aran" {Will+ SInv}
 32012 | Snake:2  | Found a stormy altar of Qazlal.
 32075 | Snake:2  | XOM: cloud trail
 32134 | Snake:2  | XOM: 2-stop teleportation journey
 32185 | Snake:2  | XOM: summons friendly quasit
 32385 | Snake:3  | XOM: noise
 32677 | Snake:3  | XOM: summons 3 friendly demons
 32679 | Snake:3  | Reached skill level 5 in Dodging
 32696 | Snake:3  | XOM: fog
 32800 | Snake:3  | Reached XP level 19. HP: 135/142 MP: 20/32
 33124 | Snake:3  | XOM: god gift: potion of magic
 33411 | Snake:3  | XOM: 3-stop teleportation journey
 33644 | Snake:3  | Noticed Mara
 33648 | Snake:3  | XOM: silly message
 33667 | Snake:3  | Noticed Lavandula's illusion
 33668 | Snake:3  | Killed Mara
 33922 | Snake:4  | Entered Level 4 of the Snake Pit
 34305 | Snake:4  | XOM: summons 6 hostile demons
 34428 | Snake:4  | XOM: polymorph guardian serpent -> salamander
 34556 | Snake:4  | Reached skill level 10 in Dodging
 34909 | Snake:4  | XOM: noise
 34924 | Snake:4  | XOM: smoke on damage
 35020 | Snake:4  | XOM: silly message
 35025 | Snake:4  | XOM: swap monsters
 35253 | Snake:4  | Got a serpentine rune of Zot
 35824 | Elf:1    | Entered Level 1 of the Elven Halls
 35835 | Elf:1    | XOM: stat loss: -1 Int (33/34)
 35837 | Elf:1    | XOM: silly message
 35843 | Elf:1    | XOM: give mutations
 35843 | Elf:1    | Gained mutation: You are frail. (-10% HP) [Xom's mischief]
 35843 | Elf:1    | Lost mutation: You have very sharp teeth. [Xom's mischief]
 35853 | Elf:1    | XOM: confusion (+ monsters)
 35861 | Elf:1    | XOM: stat loss: -1 Str (7/8)
 35869 | Elf:1    | XOM: summons 3 hostile demons
 35957 | Elf:1    | XOM: confuse monster(s)
 36029 | Elf:1    | Found a radiant altar of Vehumet.
 36071 | Elf:1    | Found Uddyr's Weapon Shop.
 36097 | Elf:1    | XOM: blink monster(s)
 36118 | Elf:1    | XOM: cleaving
 36164 | Elf:1    | XOM: enchant monster (good)
 36215 | Elf:1    | Identified the +8 spear "Xium" {elec, SInv}
 36217 | Elf:1    | XOM: polymorph deep elf knight -> alligator
 36231 | Elf:1    | Reached XP level 20. HP: 116/134 MP: 9/33
 36241 | Elf:1    | XOM: summons friendly iron imp
 36243 | Elf:1    | XOM: enchant monster (bad)
 36246 | Elf:1    | Reached skill level 10 in Spellcasting
 36480 | Elf:1    | XOM: silly message
 36560 | Elf:1    | Found a runed translucent gate.
 36560 | Elf:1    | Found a runed translucent gate.
 36729 | Elf:1    | Found a runed translucent gate.
 36812 | Elf:1    | Noticed Zenata
 36974 | Elf:1    | Killed Zenata
 37020 | Elf:1    | XOM: divination: detect creatures
 37411 | D:8      | XOM: noise
 37644 | Lair:4   | Killed Xiggev's ghost
 37646 | Lair:4   | Identified the amulet of Conkakhla {Spirit rPois rF++ Str+3
                  | Stlth-}
 37823 | D:10     | XOM: stat loss: -1 Int (33/34)
 37956 | Orc:2    | Killed Sheero's ghost
 38043 | Elf:1    | XOM: summons 3 hostile shadow creatures
 38105 | Elf:2    | Identified the +9 dagger of Causality {holy, Will+ Int+4}
 38187 | Elf:2    | XOM: summons friendly quasit
 38264 | Elf:2    | XOM: summons 5 friendly demons
 38269 | Elf:2    | XOM: confuse monster(s)
 38539 | Elf:2    | XOM: scenery: 3 doors close
 38609 | Elf:2    | Found a runed translucent gate.
 38609 | Elf:2    | Found a runed translucent gate.
 38634 | Elf:2    | Found a runed translucent gate.
 38882 | Elf:2    | XOM: 2-stop teleportation journey
 38900 | Elf:2    | Gained mutation: Your spells are a little harder to cast,
                  | but a little more powerful. [mutagenic glow]
 39055 | Elf:2    | Learned a level 7 spell: Malign Gateway
 39089 | Elf:2    | XOM: noise
 39116 | Elf:2    | XOM: noise
 39122 | Elf:2    | Reached skill level 5 in Translocations
 39127 | Elf:2    | XOM: noise
 39131 | Elf:2    | Reached skill level 13 in Summonings
 39607 | Elf:3    | Entered Level 3 of the Elven Halls
 39950 | Elf:3    | XOM: noise
 40440 | Elf:3    | Reached XP level 21. HP: 94/139 MP: 32/37
 40559 | Elf:3    | XOM: polymorph dryad -> moth of wrath
 40694 | Elf:3    | Identified the +7 spear "Cickouq" {spect, *Rage Dex+6}
 40728 | Elf:3    | XOM: enchant monster (bad)
 40735 | Elf:3    | XOM: summons 1 hostile shadow creature
 40910 | Elf:3    | Reached skill level 14 in Summonings
 40920 | Elf:3    | XOM: blink monster(s)
 40925 | Elf:3    | XOM: confusion
 41035 | Elf:2    | XOM: silly message
 41080 | Elf:3    | XOM: silly message
 41140 | Elf:3    | Identified the staff of conjuration "Xuxess" {rElec}
 41406 | Elf:3    | XOM: give mutations
 41406 | Elf:3    | Lost mutation: Your flesh is heat resistant. (rF+) [Xom's
                  | mischief]
 41406 | Elf:3    | Gained mutation: Your natural rate of healing is unusually
                  | fast. [Xom's mischief]
 41820 | Elf:3    | Found the +10 tower shield of Ignorance {rN+ Int-4}
 41861 | Elf:3    | Identified the +3 sling "Gaofaeps" {drain, rPois Str+2}
 41870 | Elf:3    | Identified the +8 morningstar of Daudwi {elec, rC+ Int-5
                  | SInv}
 41875 | Elf:3    | Identified the +9 war axe "Forukk" {drain, +Blink rElec rC+
                  | Str+4}
 41918 | Elf:3    | Got the Cyclopedia of Anemomancy and the Graveyard
 41922 | Elf:3    | Identified the staff of air "Dowanuwk" {rElec rPois Str+8
                  | Dex-3 Stlth+}
 42128 | Orc:1    | XOM: cloud trail
 42206 | Vaults:1 | Entered Level 1 of the Vaults
 42282 | Vaults:1 | Reached skill level 5 in Shields
 42328 | Vaults:1 | XOM: scenery: 1 doors close
 42334 | Vaults:1 | Found a flickering gateway to a bazaar.
 42343 | Bazaar   | Entered a bazaar
 42365 | Bazaar   | Found Inysiurph's Antique Armour Boutique.
 42369 | Bazaar   | Found Gaxton's Weapon Boutique.
 42369 | Bazaar   | Found Nem Soxt's Assorted Antiques.
 42370 | Bazaar   | Found Tecefig's Weapon Boutique.
 42385 | Bazaar   | Bought a potion of curing for 96 gold pieces
 42385 | Bazaar   | Bought a potion of haste for 320 gold pieces
 42385 | Bazaar   | Bought a potion of magic for 256 gold pieces
 42385 | Bazaar   | Bought a wand of acid (2) for 268 gold pieces
 42521 | Vaults:1 | XOM: enchant monster (good)
 42526 | Vaults:1 | XOM: destruction
 42663 | Vaults:1 | XOM: divination: magic mapping
 42684 | Vaults:1 | Gained mutation: You occasionally lose the ability to drink
                  | potions when taking damage. [mutagenic glow]
 42775 | Vaults:1 | XOM: 3-stop teleportation journey
 42776 | Vaults:1 | XOM: blink monster(s)
 42963 | Vaults:1 | XOM: silly message
 43115 | Vaults:1 | XOM: divination: detect creatures
 43208 | Vaults:1 | Identified the +0 dagger "Oshautud" {heavy, *Noise rC+
                  | rCorr}
 43240 | Vaults:1 | XOM: noise
 43247 | Vaults:1 | XOM: enchant monster (bad)
 43434 | Vaults:1 | Reached skill level 10 in Shields
 43520 | Vaults:1 | Reached XP level 22. HP: 144/144 MP: 27/38
 43705 | Vaults:1 | XOM: divination: detect creatures
 43762 | Vaults:1 | XOM: give mutations
 43762 | Vaults:1 | Gained mutation: Your flesh is heat resistant. (rF+) [Xom's
                  | grace]
 43762 | Vaults:1 | Gained mutation: Your system is resistant to poisons.
                  | (rPois) [Xom's grace]
 43932 | Vaults:1 | XOM: divination: magic mapping
 44093 | Vaults:2 | Found Sisyxog's Distillery.
 44126 | Vaults:2 | Bought a potion of haste for 110 gold pieces
 44126 | Vaults:2 | Bought a potion of curing for 33 gold pieces
 44126 | Vaults:2 | Bought a potion of curing for 33 gold pieces
 44126 | Vaults:2 | Bought a potion of mutation for 88 gold pieces
 44126 | Vaults:2 | Bought a potion of attraction for 33 gold pieces
 44126 | Vaults:2 | Bought a potion of cancellation for 88 gold pieces
 44126 | Vaults:2 | Lost mutation: Your natural rate of healing is unusually
                  | fast. [potion of mutation]
 44126 | Vaults:2 | Lost mutation: You are frail. (-10% HP) [potion of
                  | mutation]
 44126 | Vaults:2 | Lost mutation: Your mind is acute. (Int +4, Str/Dex -1)
                  | [potion of mutation]
 44127 | Vaults:2 | Lost mutation: Your spells are a little harder to cast, but
                  | a little more powerful. [potion of mutation]
 44127 | Vaults:2 | Lost mutation: You occasionally lose the ability to read
                  | scrolls when taking damage. [potion of mutation]
 44127 | Vaults:2 | Lost mutation: Your flesh is heat resistant. (rF+) [potion
                  | of mutation]
 44127 | Vaults:2 | Gained mutation: You are frail. (-10% HP) [potion of
                  | mutation]
 44127 | Vaults:2 | Gained mutation: Your movements are slightly less
                  | encumbered by armour. (ER -2) [potion of mutation]
 44216 | Vaults:2 | XOM: confuse monster(s)
 44241 | Vaults:2 | XOM: confuse monster(s)
 44245 | Vaults:2 | XOM: destruction
 44342 | Vaults:2 | XOM: butterfly on damage
 44436 | Vaults:2 | XOM: divination: magic mapping
 44482 | Vaults:2 | Identified the +7 short sword of Mogom {flame, rC- rCorr
                  | Dex+7}
 44526 | Vaults:2 | XOM: 1-stop teleportation journey
 44574 | Vaults:2 | XOM: summons 1 friendly demon
 44713 | Vaults:2 | XOM: give mutations
 44713 | Vaults:2 | Gained mutation: You are agile. (Dex +4, Str/Int -1) [Xom's
                  | grace]
 44713 | Vaults:2 | Gained mutation: You have a pair of small antennae on your
                  | head. [Xom's grace]
 44713 | Vaults:2 | Gained mutation: You have hidden genetic potential. [Xom's
                  | grace]
 44719 | Vaults:2 | Found a staircase to the Crypt.
 44962 | Vaults:2 | XOM: summons friendly ufetubus
 45074 | Vaults:2 | XOM: 2-stop teleportation journey
 45414 | Vaults:2 | XOM: scenery: 4 doors close
 45423 | Vaults:2 | XOM: polymorph slime creature -> ettin
 45567 | Vaults:2 | XOM: god gift: 55 gold pieces
 45569 | Vaults:2 | XOM: potion effect (heal wounds)
 45649 | Vaults:1 | XOM: divination: magic mapping
 45746 | Vaults:2 | XOM: give mutations
 45746 | Vaults:2 | Gained mutation: You have great hidden genetic potential.
                  | [Xom's grace]
 45746 | Vaults:2 | Gained mutation: You have sharp toenails. [Xom's grace]
 45746 | Vaults:2 | Gained mutation: You expend magic power (3 MP) to
                  | strengthen your wands. [Xom's grace]
 45746 | Vaults:2 | Gained mutation: You are very agile. (Dex +8, Str/Int -2)
                  | [Xom's grace]
 45751 | Vaults:2 | XOM: summons friendly iron imp
 45847 | Vaults:2 | XOM: noise
 46019 | Vaults:3 | Reached skill level 1 in Armour
 46059 | Vaults:3 | XOM: 3-stop teleportation journey
 46149 | Vaults:3 | XOM: enchant monster (good)
 46211 | Vaults:3 | XOM: stat loss: -1 Int (29/30)
 46372 | Vaults:3 | Found Ytwel's Weapon Emporium.
 46395 | Vaults:3 | XOM: chaos upgrade
 46440 | Vaults:3 | XOM: cleaving
 46491 | Vaults:3 | Found Johiv's Jewellery Shoppe.
 46505 | Vaults:3 | XOM: summons 11 friendly demons
 46509 | Vaults:3 | XOM: polymorph iron imp -> quasit
 46513 | Vaults:3 | Reached skill level 5 in Armour
 46634 | Vaults:3 | XOM: summons friendly quasit
 46646 | Vaults:3 | Reached XP level 23. HP: 155/155 MP: 29/39
 46659 | Vaults:3 | XOM: chaos upgrade
 46665 | Vaults:3 | XOM: summons 3 friendly demons
 47029 | Vaults:3 | XOM: god gift: 380 gold pieces
 47082 | Vaults:3 | XOM: 1-stop teleportation journey
 47173 | Vaults:3 | Found Myogho's Magic Scroll Shoppe.
 47179 | Vaults:3 | Found Usust's General Store.
 47182 | Vaults:3 | Bought a scroll of teleportation for 63 gold pieces
 47182 | Vaults:3 | Bought a scroll of blinking for 157 gold pieces
 47182 | Vaults:3 | Bought a scroll of magic mapping for 157 gold pieces
 47187 | Vaults:3 | Bought a potion of might for 68 gold pieces
 47268 | Vaults:3 | XOM: give mutations
 47268 | Vaults:3 | Gained mutation: A frigid envelope surrounds you and
                  | freezes all who hurt you. [Xom's grace]
 47268 | Vaults:3 | Gained mutation: Your mind is acute. (Int +4, Str/Dex -1)
                  | [Xom's grace]
 47268 | Vaults:3 | Lost mutation: You are frail. (-10% HP) [Xom's grace]
 47417 | Vaults:3 | XOM: cloud trail
 47549 | Vaults:4 | XOM: cast spell 'Monstrous Menagerie'
 47910 | Vaults:4 | XOM: 1-stop teleportation journey
 48126 | Vaults:4 | Identified the +4 kite shield of the Thirsty Allies {-Tele
                  | rPois Slay+2 SInv}
 48127 | Vaults:4 | Noticed Donald
 48129 | Vaults:4 | Gained mutation: You have supernaturally acute eyesight.
                  | (SInv) [hidden potential]
 48139 | Vaults:4 | Killed Donald
 48140 | Vaults:4 | Your ally Donald died
 48159 | Vaults:4 | XOM: 5-stop teleportation journey
 48206 | Vaults:4 | Reached skill level 10 in Armour
 48578 | Vaults:4 | XOM: enchant monster (bad)
 48615 | Vaults:4 | XOM: give mutations
 48615 | Vaults:4 | Lost mutation: You have a pair of small antennae on your
                  | head. [Xom's mischief]
 48615 | Vaults:4 | Lost mutation: You are weak. (Str -2) [Xom's mischief]
 48615 | Vaults:4 | Lost mutation: You are covered in fur. (AC +1) [Xom's
                  | mischief]
 48615 | Vaults:4 | Lost mutation: You have supernaturally acute eyesight.
                  | (SInv) [Xom's mischief]
 49015 | D:15     | XOM: stat loss: -1 Str (8/9)
 49025 | Depths:1 | Entered Level 1 of the Depths
 49095 | Depths:1 | Found a flickering gateway to a bazaar.
 49108 | Bazaar   | Entered a bazaar
 49158 | Bazaar   | Found Yfrith's Jewellery Boutique.
 49179 | Bazaar   | Found Impahuot's Antique Armour Emporium.
 49200 | Bazaar   | Found Temmoadi's Book Boutique.
 49220 | Bazaar   | Found Otur's Antique Weapon Shoppe.
 49262 | Bazaar   | Bought a manual of Stealth for 640 gold pieces
 49262 | Bazaar   | Bought a Necronomicon for 448 gold pieces
 49364 | Depths:1 | Learned a level 8 spell: Summon Horrible Things
 49880 | Depths:1 | Found a gateway to Hell.
 50088 | Depths:2 | XOM: polymorph tengu warrior -> swamp worm
 50164 | Depths:1 | XOM: give mutations
 50164 | Depths:1 | Lost mutation: You have sharp toenails. [Xom's mischief]
 50164 | Depths:1 | Gained mutation: You have large cloven feet. [Xom's
                  | mischief]
 50164 | Depths:1 | Lost mutation: Your system is resistant to poisons. (rPois)
                  | [Xom's mischief]
 50164 | Depths:1 | Lost mutation: Your mind is acute. (Int +4, Str/Dex -1)
                  | [Xom's mischief]
 50302 | Depths:2 | Reached skill level 15 in Summonings
 50606 | Depths:2 | XOM: swap monsters
 50608 | Depths:2 | XOM: enchant monster (good)
 50758 | Depths:2 | Found a one-way gate leading to the halls of Pandemonium.
 50853 | Depths:2 | XOM: fog
 50880 | Depths:2 | XOM: cast spell 'Summon Hydra'
 50910 | Depths:2 | XOM: give mutations
 50910 | Depths:2 | Gained mutation: Your muscles are strong. (Str +4, Int/Dex
                  | -1) [Xom's grace]
 50910 | Depths:2 | Gained mutation: Your flesh is heat resistant. (rF+) [Xom's
                  | grace]
 50910 | Depths:2 | Gained mutation: You possess an exceptional clarity of
                  | mind. [Xom's grace]
 50954 | Depths:2 | XOM: polymorph large abomination -> large abomination
 50995 | Depths:2 | XOM: divination: detect creatures
 51026 | Depths:2 | XOM: give mutations
 51026 | Depths:2 | Gained mutation: Your flesh is very heat resistant. (rF++)
                  | [Xom's grace]
 51026 | Depths:2 | Gained mutation: Your mind is acute. (Int +4, Str/Dex -1)
                  | [Xom's grace]
 51026 | Depths:2 | Gained mutation: Your spells are a little harder to cast,
                  | but a little more powerful. [Xom's grace]
 51036 | Depths:2 | XOM: scenery: summon butterflies
 51347 | Depths:2 | Found a one-way gateway to a ziggurat.
 51441 | Depths:2 | Reached skill level 16 in Summonings
 51819 | Depths:3 | Reached XP level 24. HP: 170/180 MP: 36/40
 51821 | Depths:3 | Learned a level 1 spell: Apportation
 51844 | Depths:3 | XOM: cloud trail
 52069 | Depths:3 | XOM: give mutation
 52069 | Depths:3 | Gained mutation: Your muscles are very strong. (Str +8,
                  | Int/Dex -2) [Xom's grace]
 52116 | Depths:3 | XOM: 5-stop teleportation journey
 52437 | Depths:3 | Found a one-way gate to the infinite horrors of the Abyss.
 52602 | Depths:3 | Noticed a caustic shrike
 52602 | Depths:3 | Noticed a caustic shrike
 52603 | Depths:3 | Noticed a caustic shrike
 52608 | Depths:3 | XOM: fog
 52610 | Depths:3 | Killed a caustic shrike
 52610 | Depths:3 | Killed a caustic shrike
 52610 | Depths:3 | XOM: 6-stop teleportation journey
 53058 | Depths:3 | Killed a caustic shrike
 53237 | Depths:3 | XOM: 2-stop teleportation journey
 53243 | Depths:4 | Entered Level 4 of the Depths
 53261 | Depths:3 | Reached skill level 17 in Summonings
 53405 | Depths:4 | Identified the +3 short sword of Qaosk {heavy, rF+}
 53536 | Depths:4 | Learned a level 7 spell: Enfeeble
 53595 | Depths:4 | Found a gate to the Realm of Zot.
 53601 | Depths:4 | Reached skill level 1 in Hexes
 53608 | Depths:4 | Gained mutation: You are strong-willed. (Will+) [hidden
                  | potential]
 53608 | Depths:4 | Lost mutation: You have great hidden genetic potential.
                  | [hidden potential expressed]
 53626 | Depths:4 | XOM: polymorph white draconian stormcaller -> eleionoma
 53692 | Depths:4 | XOM: polymorph white draconian stormcaller -> iron troll
 53841 | Depths:4 | Reached skill level 5 in Hexes
 53856 | Depths:4 | XOM: silly message
 54005 | Depths:4 | XOM: polymorph stone giant -> alligator snapping turtle
 54287 | Depths:4 | XOM: 2-stop teleportation journey
 54309 | Depths:4 | XOM: blink monster(s)
 54376 | Depths:4 | XOM: divination: magic mapping
 54379 | Depths:4 | XOM: give mutations
 54379 | Depths:4 | Lost mutation: Your spells are a little harder to cast, but
                  | a little more powerful. [Xom's mischief]
 54379 | Depths:4 | Lost mutation: You possess an exceptional clarity of mind.
                  | [Xom's mischief]
 54379 | Depths:4 | Lost mutation: You occasionally lose the ability to drink
                  | potions when taking damage. [Xom's mischief]
 54379 | Depths:4 | Lost mutation: You are strong-willed. (Will+) [Xom's
                  | mischief]
 54388 | Depths:4 | XOM: blink monster(s)
 54392 | Depths:4 | Found a glowing silver altar of Zin.
 54457 | Depths:4 | XOM: summons 4 hostile demons
 54508 | Depths:3 | Noticed an ancient lich
 54508 | Depths:3 | Found the ring of the Hare {EV+10}
 54513 | Depths:4 | XOM: give mutations
 54513 | Depths:4 | Lost mutation: A frigid envelope surrounds you and freezes
                  | all who hurt you. [Xom's mischief]
 54513 | Depths:4 | Lost mutation: Your muscles are very strong. (Str +8,
                  | Int/Dex -2) [Xom's mischief]
 54904 | Crypt:1  | Entered Level 1 of the Crypt
 54914 | Crypt:1  | XOM: stat loss: -1 Str (12/13)
 54923 | Crypt:1  | XOM: repel stairs
 54930 | Crypt:1  | XOM: cast spell 'Summon Cactus Giant'
 54984 | Crypt:1  | XOM: give mutations
 54984 | Crypt:1  | Gained mutation: You are partially covered in large bone
                  | plates. (SH +4) [Xom's grace]
 54984 | Crypt:1  | Gained mutation: Your skin changes colour to match your
                  | surroundings (Stealth+). [Xom's grace]
 55185 | Crypt:1  | XOM: cleaving
 55193 | Crypt:1  | XOM: cleaving
 55267 | Crypt:1  | XOM: 4-stop teleportation journey
 55664 | Crypt:2  | XOM: divination: detect creatures
 55668 | Crypt:2  | Reached skill level 10 in Hexes
 56000 | Crypt:2  | Reached XP level 25. HP: 183/185 MP: 34/40
 56164 | Crypt:2  | XOM: give mutation
 56164 | Crypt:2  | Lost mutation: You have large cloven feet. [Xom's mischief]
 56175 | Crypt:2  | XOM: stat loss: -1 Int (32/34)
 56254 | Crypt:2  | XOM: divination: magic mapping
 56720 | Crypt:3  | Entered Level 3 of the Crypt
 56731 | Crypt:3  | XOM: enchant monster (good)
 56758 | Crypt:3  | Gained mutation: Your body often deteriorates upon taking
                  | damage. [mutagenic glow]
 56795 | Crypt:3  | XOM: summons friendly white imp
 56950 | Crypt:3  | XOM: confuse monster(s)
 57101 | Crypt:3  | Noticed Margery
 57110 | Crypt:3  | Killed Margery
 57260 | Crypt:3  | XOM: cloud trail
 57305 | Crypt:3  | Noticed Mennas
 57325 | Crypt:3  | Killed Mennas
 57328 | Crypt:3  | XOM: polymorph large abomination -> large abomination
 57336 | Crypt:3  | Gained mutation: Your spells are a little harder to cast,
                  | but a little more powerful. [hidden potential]
 57342 | Crypt:3  | XOM: enchant monster (good)
 57345 | Crypt:3  | XOM: summons friendly quasit
 57490 | Crypt:3  | XOM: enchant monster (bad)
 57499 | Crypt:3  | Noticed a dread lich
 57506 | Crypt:3  | Killed a dread lich
 57568 | Crypt:3  | Identified the +8 dire flail "Uzoc Bom" {drain, rN+ Str-2
                  | Int+3}
 57585 | Crypt:3  | Identified the +4 scale mail of the Pit {rPois Slay+2}
 57588 | Crypt:3  | Identified the -1 pair of boots of Gibul {rC+ Str+2 Stlth+}
 57613 | Crypt:3  | XOM: 1-stop teleportation journey
 57854 | Crypt:3  | XOM: smoke on damage
 58588 | Crypt:3  | Found a staircase to the Tomb.
 58712 | Crypt:3  | XOM: chaos cloud
 58716 | Crypt:3  | Reached skill level 15 in Hexes
 58771 | Crypt:3  | XOM: give mutation
 58771 | Crypt:3  | Lost mutation: You expend magic power (3 MP) to strengthen
                  | your wands. [Xom's mischief]
 58803 | Crypt:3  | XOM: give mutations
 58803 | Crypt:3  | Gained mutation: Your flesh is cold resistant. (rC+) [Xom's
                  | grace]
 58803 | Crypt:3  | Gained mutation: Your flesh is almost immune to the effects
                  | of heat. (rF+++) [Xom's grace]
 59210 | Lair:3   | XOM: cloud trail
 59266 | Slime:1  | Entered Level 1 of the Pits of Slime
 59295 | Lair:4   | Gained mutation: You are frail. (-10% HP) [mutagenic glow]
 59464 | Slime:2  | Paralysed by a floating eye for 3 turns
 59471 | Slime:2  | Paralysed by a floating eye for 3 turns
 59662 | Slime:2  | XOM: divination: magic mapping
 59731 | Slime:2  | XOM: cloud trail
 59792 | Slime:3  | Reached skill level 18 in Summonings
 59855 | Slime:3  | XOM: noise
 59911 | Slime:4  | Reached XP level 26. HP: 139/173 MP: 16/40
 59915 | Slime:4  | Gained mutation: You do not regenerate when monsters are
                  | visible. [mutagenic glow]
 60059 | Slime:4  | XOM: divination: detect creatures
 60134 | Slime:5  | Entered Level 5 of the Pits of Slime
 60210 | Slime:5  | Reached skill level 19 in Summonings
 60444 | Slime:5  | Noticed the Royal Jelly
 60450 | Slime:5  | XOM: potion effect (brilliance)
 60460 | Slime:5  | Killed the Royal Jelly
 60463 | Slime:5  | Gained mutation: Your mind is very acute. (Int +8, Str/Dex
                  | -2) [hidden potential]
 60463 | Slime:5  | Lost mutation: You have hidden genetic potential. [hidden
                  | potential expressed]
 60687 | Slime:5  | Identified the +6 spear "Luosye" {vamp, rF+ rN+}
 60708 | Slime:5  | Got a slimy rune of Zot
 60714 | Slime:5  | Identified the staff of earth "Daotinuj" {rC+}
 60751 | Slime:5  | XOM: silly message
 60823 | Slime:2  | XOM: noise
 61192 | Vaults:4 | Learned a level 9 spell: Dragon's Call
 61623 | Snake:2  | XOM: divination: detect items
 61802 | Lair:2   | XOM: divination: detect creatures
 62029 | Vaults:1 | XOM: silly message
 62104 | Vaults:5 | Entered Level 5 of the Vaults
 62109 | Vaults:5 | XOM: silly message
 62119 | Vaults:5 | Noticed a dread lich
 62120 | Vaults:5 | Gained mutation: You are very frail. (-20% HP) [mutagenic
                  | glow]
 62128 | Vaults:5 | XOM: silly message
 62142 | Vaults:5 | XOM: enchant monster (bad)
 62161 | Vaults:5 | XOM: summons friendly crimson imp
 62164 | Vaults:5 | Killed a dread lich
 62168 | Vaults:5 | XOM: enchant monster (good)
 62223 | Vaults:5 | Reached skill level 15 in Spellcasting
 62268 | Vaults:5 | Identified the staff of fire "Tehaericia" {Drain rF+ Int+2
                  | Dex+2 SInv}
 62287 | Vaults:5 | XOM: chaos upgrade
 62290 | Vaults:5 | XOM: summons 2 friendly demons
 62367 | Vaults:5 | Identified the +8 hand axe "Hezos" {freeze, *Rage rF- rC+++
                  | MP+9}
 62382 | Vaults:5 | XOM: butterfly on damage
 62385 | Vaults:5 | Reached skill level 20 in Summonings
 62645 | Vaults:5 | XOM: summons 6 hostile demons
 62744 | Vaults:5 | Got a silver rune of Zot
 62859 | Vaults:5 | Got the Volume of the Topological Squall
 62868 | Vaults:5 | Identified the +0 pair of boots of Xircha Migo {Regen+
                  | Int+3}
 62869 | Vaults:5 | Identified the +1 quarterstaff of Focus {distort, +Blink
                  | rPois rF- Will+}
 63162 | Vaults:5 | Reached XP level 27. HP: 87/159 MP: 33/42
 63296 | Vaults:5 | Identified the +11 rapier of the Candle {drain, rElec}
 63296 | Vaults:5 | Identified the ring of Fixation {rC+ Will+ Slay+4}
 63495 | Vaults:5 | Identified the +1 flail "Uddyolaph" {holy, rPois Str-4
                  | Dex+4 SInv}
 63506 | Vaults:5 | Reached skill level 21 in Summonings
 63596 | Vaults:5 | XOM: noise
 63639 | Vaults:5 | XOM: summons friendly iron imp
 63677 | Vaults:5 | Identified the staff of air "Vajicay" {rElec Dex+2 SInv}
 63768 | Vaults:5 | XOM: enchant monster (good)
 63807 | Vaults:5 | Identified the staff of conjuration "Pocwikel" {rC+ rN++
                  | Dex+3}
 64173 | Vaults:5 | Identified the +9 spear of Honour {drain, rN+ Int+4 Dex-5}
 64698 | Zig:1    | Entered Level 1 of a ziggurat
 64713 | Zig:2    | Entered Level 2 of a ziggurat
 64781 | Zig:3    | Entered Level 3 of a ziggurat
 64786 | Zig:3    | XOM: confusion (+ monsters)
 64814 | Zig:3    | Identified the ring of Temptation {Will+ rCorr AC+4 Int+3
                  | Dex+2}
 64820 | Zig:4    | Entered Level 4 of a ziggurat
 65000 | Zig:4    | Identified the staff of cold "Peaprous" {rC+ Str+3}
 65002 | Zig:4    | Acquired a book of Sloth
 65007 | Zig:5    | Entered Level 5 of a ziggurat
 65034 | Zig:5    | HP: 2/162 [Brimstone Fiend/damnation (22)]
 65188 | Zig:5    | Reached skill level 22 in Summonings
 65189 | Zig:5    | Identified the +7 falchion of Emaqeamu {flame, Fragile
                  | Will++ Dex+4 SInv}
 65197 | Zig:6    | Entered Level 6 of a ziggurat
 65203 | Zig:6    | Noticed a dread lich
 65209 | Zig:6    | Identified the +0 pair of gloves of the Exiled Quests {rF+
                  | rN+ Str-4 SInv}
 65211 | Zig:7    | Entered Level 7 of a ziggurat
 65237 | Zig:7    | Reached skill level 15 in Fighting
 65262 | Zig:7    | Identified the +6 morningstar of Disembowelment {freeze,
                  | Dex+5}
 65315 | Zig:8    | Entered Level 8 of a ziggurat
 65349 | Zig:8    | XOM: potion effect (brilliance)
 65355 | Zig:8    | Gained mutation: You are extremely frail. (-30% HP)
                  | [mutagenic glow]
 65357 | Zig:8    | XOM: confusion (+ monsters)
 65368 | Zig:8    | Identified the staff of cold "Zoihotz" {+Blink rC+}
 65371 | Zig:9    | Entered Level 9 of a ziggurat
 65413 | Zig:9    | Lost mutation: Your spells are a little harder to cast, but
                  | a little more powerful. [mutagenic glow]
 65446 | Zig:9    | Lost mutation: Your movements are slightly less encumbered
                  | by armour. (ER -2) [potion of mutation]
 65446 | Zig:9    | Lost mutation: Your body often deteriorates upon taking
                  | damage. [potion of mutation]
 65446 | Zig:9    | Lost mutation: Potions are less effective at restoring your
                  | health. [potion of mutation]
 65447 | Zig:9    | Lost mutation: Your skin changes colour to match your
                  | surroundings (Stealth+). [potion of mutation]
 65447 | Zig:9    | Lost mutation: You do not regenerate when monsters are
                  | visible. [potion of mutation]
 65447 | Zig:9    | Gained mutation: Your movements are slightly less
                  | encumbered by armour. (ER -2) [potion of mutation]
 65479 | Zig:9    | Noticed a Killer Klown
 65488 | Zig:9    | Noticed Vacsiar the pandemonium lord
 65490 | Zig:9    | XOM: enchant monster (good)
 65491 | Zig:9    | Killed a Killer Klown
 65492 | Zig:9    | Noticed a Killer Klown
 65494 | Zig:9    | Killed Vacsiar the pandemonium lord
 65500 | Zig:9    | XOM: enchant monster (good)
 65504 | Zig:9    | Killed a Killer Klown
 65529 | Zig:9    | Identified the ring of Putuw {rPois rC+ Int+3}
 65538 | Zig:9    | Identified the staff of death "Ulonel" {rN+ Int+5}
 65539 | Zig:9    | Identified the staff of fire "Iddaifim" {rF+ SInv}
 65699 | Zig:9    | XOM: scenery: summon butterflies
 65730 | Zig:10   | Entered Level 10 of a ziggurat
 65739 | Zig:10   | Noticed a dread lich
 65740 | Zig:10   | Noticed an ancient lich
 65742 | Zig:10   | Noticed an ancient lich
 65742 | Zig:10   | XOM: 7-stop teleportation journey
 65748 | Zig:10   | Mangled by a ghoul

Illustrated notes

Levels and vault maps discovered:
D:1:      shiori_arrival_oz, layout_loops_ring
D:2:      layout_loops_ring
D:3:      layout_loops_corners
D:4:      layout_gridville, nzn_hepliaklqana_mist_gate,
          mainiacjoe_overflow_six_doors_small, minmay_temple_entry_butterflies,
          portal_sewer_entry_a
D:5:      gammafunk_cloud_chamber, layout_basic, marbit_many_paths,
          fedhas_altar_3, kiku_gazebo_pond_becter, moated_statue,
          uniq_eustachio, uniq_grinder
D:6:      layout_basic
D:7:      layout_rooms, mainiacjoe_overflow_brackets, general_overflow_altar,
          minivault_23
D:8:      layout_basic, minivault_10
D:9:      layout_basic, enter_bailey_2, fountainhead
D:10:     layout_roguey, nicolae_overflow_hidden_temple
D:11:     minmay_sliced_demisemicircle, layout_loops_corners
D:12:     layout_roguey, hiddenorc2_lemuel, serial_curves, eino_curves_03,
          eino_curves_02, worms_lemuel
D:13:     layout_long_grid, david_vaults_4, minivault_27, hangedman_glass_teeth,
          uniq_sonja, uniq_rupert
D:14:     layout_basic, amethyst_killhole, minmay_unpleasant_kobolds,
          uniq_jorgrun, uniq_nessos
D:15:     grunt_enter_depths_giant_problem, layout_irregular_city,
          ashenzari_conservatory_becter, dk_noncrumbling_4,
          minmay_splitting_lines, dispersion_dpeg
Temple:   nicolae_temple_ecumenical_triangle
Lair:1:   layout_loops_ring, enter_volcano_4, kennysheep_snail_temple,
          uniq_prince_ribbit2
Lair:2:   layout_regular_city, nicolae_snake_entry_squirm,
          gauntlet_entry_generic, minmay_hedge_maze,
          nicolae_quartered_pool_medium, infiniplex_staircase_pool
Lair:3:   nzn_winding_woodlands_stair_trap [nzn_winding_woodlands_5x15_twine,
          nzn_winding_woodlands_5x15_crooked, nzn_winding_woodlands_5x15_eye,
          nzn_winding_woodlands_15x15_thick_spiral,
          nzn_winding_woodlands_5x15_sidewinder,
          nzn_winding_woodlands_5x15_pool, nzn_winding_woodlands_5x15_garden],
          layout_long_grid, swamp_mist_pool, dreamdust_deal_with_the_devil
Lair:4:   layout_cave_pods, nicolae_slime_entry_slimehenge, special_room
          [special_room_bee], gammafunk_ghost_berserking_beasts,
          grunt_megastairs_2
Lair:5:   grunt_lair_end_beastmaster, layout_cave_pods, uniq_josephine
Swamp:1:  layout_falls_marsh, evilmike_swamp_ruin_rubble_2
Swamp:2:  layout_basic_swamp, evilmike_swamp_ruin_wall
Swamp:3:  cheibrodos_swamp_heart_of_darkness, layout_basic_swamp,
          serial_swamp_ruin, evilmike_swamp_ruin_house_4,
          evilmike_swamp_ruin_house_3, hangedman_swamp_ruin_wall
Swamp:4:  swamp_old_school, layout_basic_swamp, nicolae_swamp_little_tower
Snake:1:  layout_chambers, serial_shops, shop
Snake:2:  layout_misc_corridors, basic_altar
Snake:3:  layout_gridlike, nicolae_snake_snakewalk, uniq_mara
Snake:4:  grunt_snake_rune_pools, layout_misc_corridors
Slime:1:  layout_caves
Slime:2:  layout_caves
Slime:3:  layout_caves, nicolae_slime_barrier
Slime:4:  layout_caves
Slime:5
Orc:1:    layout_diamond_mine, serial_shops, shop_fountains
Orc:2:    st_orc_elflike, layout_diamond_mine, gammafunk_ghost_wrathful_warriors
Elf:1:    eino_elf_arrival_customs, layout_loops_cross, serial_shops, shop,
          basic_altar, kennysheep_underground_church,
          nicolae_gammafunk_elf_defective_weapons_storage, uniq_zenata
Elf:2:    nicolae_elf_blades_splatter_lattice [mumra_blade_entry_bloodbath],
          layout_geoelf_octagon
Elf:3:    minmay_elf_hall_spiked, layout_loops_corners
Vaults:1: dpeg_vaults_pockets_of_resistance, vaults_dpeg_emergency_exit,
          ontoclasm_vaults_chip, hangedman_vaults_pinch, v_alt_pattern_4,
          nicolae_vaults_hallways_thing, v_misc_3, v_misc_13,
          nicolae_vaults_twisting_passages, nicolae_vaults_bisected_exclaves,
          ontoclasm_vaults_twist, layout_vaults_big_cross, serial_shops,
          bzr_entry_islet
Vaults:2: ontoclasm_vaults_chip, hangedman_vaults_corner,
          vaults_room_semicircle, ontoclasm_vaults_ring_small,
          ontoclasm_vaults_chip, ontoclasm_vaults_tryst, st_squares,
          hangedman_vaults_stream, v_misc_18, v_pattern_4, grunt_vaults_focal,
          minmay_crypt_entry_simple_walls, nicolae_vaults_little_squares_4,
          hangedman_vaults_stretched_pinwheel, layout_vaults_maze_bifur,
          serial_shops, shop
Vaults:3: nicolae_vaults_angled_halls, v_misc_8, ontoclasm_vaults_gateway,
          v_misc_10, vaults_room_corners, ontoclasm_vaults_shout,
          grunt_vaults_diagonal, vaults_dpeg_hooks, vaults_mumra_hex,
          layout_vaults_quadrants, serial_shops, shop,
          nicolae_shop_bloodbath_and_beyond, nicolae_shop_gaudy_bauble, shop
Vaults:4: vaults_room_semicircle, vaults_room_large_hall, grunt_vaults_bifocal,
          v_misc_11, nicolae_vaults_circle_grid_b, v_pattern_1,
          dpeg_vaults_monster_box, v_misc_30, v_misc_14, v_misc_9,
          hangedman_vaults_stitches, layout_vaults_omnibox, uniq_donald
Vaults:5
Crypt:1:  layout_rooms
Crypt:2:  layout_chaotic_city, serial_sigils_hangedman_quiver,
          grunt_megastairs_5
Crypt:3:  due_elkab, layout_chaotic_city, uniq_josephina, uniq_mennas,
          uniq_margery
Depths:1: layout_gridville, minmay_parallelograms, serial_shops,
          bzr_entry_water, grunt_hell_entry_dis_old, serial_bayou_pond_b,
          lemuel_old_faithful, serial_bayou_shore_b
Depths:2: minmay_haunted_quarter, layout_cave_pools, enter_ziggurat_e,
          grunt_pan_entry_sceptre, hangedman_tar_grid_catacomb,
          minmay_staircase_bubble
Depths:3: minmay_skeletal_surprise, layout_gridlike, pf_coc_iceberg,
          abyss_entry, serial_co_window_serial, co_window_paths_b,
          co_window_of_opportunity_a, co_window_paths_a, co_window_paths_a,
          co_window_corner_a, co_window_2corner, co_window_corner_b,
          co_window_unsneaky_path_d, co_window_unsneaky_path_e,
          co_window_paths_e, co_window_4corner_b, glass_columns_b,
          glass_columns_a, glass_columns_c, glass_columns_b, glass_columns_a
Depths:4: evilmike_zot_entry_argh, layout_basic,
          hangedman_abyss_or_decor_stagger, lightli_too_deep, zin_academy
Zig:10

Skill      XL: |  1  2  3  4  5  6  7  8  9 10 11 12 13 14 15 16 17 18 19 20 21 22 23 24 25 26 27 |
---------------+----------------------------------------------------------------------------------+-----
Short Blades   | 1 2 3 4 8 12 13 14 | 14.0
Necromancy     | 5 |  5.2
Shields        | 2 4 10 13 | 13.0
Fighting       | 10 12 16 | 16.8
Evocations     | 1 3 6 12 | 12.3
Spellcasting   | 3 6 7 9 12 13 15 | 15.0
Conjurations   | 2 5 6 7 9 |  9.0
Earth Magic    | 2 5 7 |  7.3
Summonings     | 6 7 9 12 13 14 16 17 18 20 22 | 22.1
Dodging        | 4 6 13 | 13.0
Transmutations | 6 9 |  9.9
Stealth        | 7 10 | 10.4
Translocations | 4 6 8 |  8.0
Armour         | 5 10 | 10.1
Hexes          | 10 15 | 15.0

Action                     |  1- 3 |  4- 6 |  7- 9 | 10-12 | 13-15 | 16-18 | 19-21 | 22-24 | 25-27 || total
---------------------------+-------+-------+-------+-------+-------+-------+-------+-------+-------++-------
  Melee: Dagger            |     9 |    72 |   193 |    65 |       |       |       |       |       ||   339
         Rapier            |       |       |       |   362 |   849 |  1359 |  1045 |  1201 |   941 ||  5757
         Headbutt          |       |       |       |       |    98 |       |       |       |       ||    98
         Bite              |       |       |       |       |    55 |   197 |    41 |       |       ||   293
  Throw: Dart              |       |       |     9 |    15 |       |     3 |     2 |       |       ||    29
         Throwing net      |       |       |       |       |     1 |       |     1 |       |       ||     2
   Cast: Necrotise         |    55 |    82 |    28 |       |       |       |       |       |       ||   165
         Vampiric Draining |       |     3 |     5 |     4 |       |       |       |       |       ||    12
         Animate Dead      |       |     1 |     6 |    13 |    10 |    15 |     6 |     5 |     1 ||    57
         Stone Arrow       |       |       |     4 |    42 |    35 |    14 |     3 |       |       ||    98
         Call Canine Famil |       |       |     1 |       |     2 |     2 |     1 |     2 |       ||     8
         Irradiate         |       |       |       |       |    14 |    57 |    84 |   111 |    80 ||   346
         Summon Hydra      |       |       |       |       |       |    12 |    51 |    15 |       ||    78
         Summon Forest     |       |       |       |       |       |    13 |    18 |     7 |     3 ||    41
         Malign Gateway    |       |       |       |       |       |       |     8 |    39 |    35 ||    82
         Summon Horrible T |       |       |       |       |       |       |       |     7 |    45 ||    52
         Apportation       |       |       |       |       |       |       |       |     2 |       ||     2
         Dragon's Call     |       |       |       |       |       |       |       |       |     5 ||     5
         Passage of Golubr |       |       |       |       |       |       |       |       |     1 ||     1
  Evoke: Wand              |       |     4 |    19 |    11 |     1 |     4 |     3 |     5 |     3 ||    50
         Phantom mirror    |       |       |       |       |       |       |       |     1 |     3 ||     4
    Use: Scroll            |       |     3 |     4 |    21 |    10 |    15 |     7 |     9 |    15 ||    84
         Potion            |       |       |     3 |     1 |     5 |     1 |    13 |     7 |    23 ||    53
   Stab: Sleeping          |     2 |       |     5 |     4 |     3 |    21 |    13 |    24 |    18 ||    90
         Invisible         |       |       |     1 |       |       |    23 |       |       |       ||    24
         Distracted        |       |       |     1 |     1 |     6 |     8 |    19 |    14 |    15 ||    64
         Confused          |       |       |       |     5 |     3 |     4 |     7 |     5 |     5 ||    29
         Petrified         |       |       |       |       |     3 |     3 |       |       |       ||     6
         Paralysed         |       |       |       |       |       |     2 |       |       |       ||     2
         Held in net/web   |       |       |       |       |       |       |     6 |       |       ||     6
 Armour: Robe              |       |    17 |     5 |       |       |       |       |       |       ||    22
         Steam dragon scal |       |       |    38 |   131 |   214 |   468 |   370 |   401 |   184 ||  1806
  Dodge: Dodged            |     6 |    33 |    77 |   286 |   442 |   687 |   441 |   646 |   329 ||  2947
  Block: Buckler           |       |    17 |    53 |   136 |   250 |   365 |   288 |   530 |   459 ||  2098

Table legend: (Time is in decaauts)
 A = Elapsed time spent in this place.
 B = Non-inter-level travel time spent in this place.
 C = Inter-level travel time spent in this place.
 D = Time resting spent in this place.
 E = Time spent auto-exploring this place.
 F = Levels seen in this place.
 G = Mean time per level.
                   A        B        C        D        E       F      G
               +--------+--------+--------+--------+--------+-----+--------+
         Total |  63437 |  56994 |   6443 |   8339 |  34022 |  67 |  946.8 |
       Dungeon |  16311 |  13804 |   2507 |    747 |  10115 |  15 | 1087.4 |
        Temple |     70 |     61 |      9 |      0 |     52 |   1 |   70.0 |
          Lair |   8048 |   6666 |   1382 |    261 |   4858 |   5 | 1609.6 |
         Swamp |   3745 |   3598 |    147 |    375 |   2481 |   4 |  936.2 |
     Snake Pit |   5080 |   4699 |    381 |    616 |   3086 |   4 | 1270.0 |
    Slime Pits |   1382 |   1359 |     23 |    669 |     15 |   5 |  276.4 |
  Orcish Mines |   1550 |   1202 |    348 |      0 |    885 |   2 |  775.0 |
   Elven Halls |   5162 |   4744 |    418 |   1273 |   2321 |   3 | 1720.7 |
        Vaults |   9207 |   8428 |    779 |   1069 |   5004 |   5 | 1841.4 |
         Crypt |   3690 |   3585 |    105 |    530 |   2012 |   3 | 1230.0 |
        Depths |   5331 |   4992 |    339 |    996 |   2595 |   4 | 1332.8 |
      Ziggurat |   1008 |   1008 |      0 |    614 |      0 |  10 |  100.8 |
        Bazaar |    246 |    246 |      0 |      0 |    175 |   2 |  123.0 |
         Sewer |    507 |    507 |      0 |     71 |    299 |   1 |  507.0 |
        Bailey |    489 |    489 |      0 |    106 |    122 |   1 |  489.0 |
       Volcano |   1201 |   1201 |      0 |    903 |      0 |   1 | 1201.0 |
      Gauntlet |    403 |    403 |      0 |    107 |      0 |   1 |  403.0 |
               +--------+--------+--------+--------+--------+-----+--------+

Top non-repeatable levels by time:
Vaults:5: 2226 daAuts
  Lair:3: 2195 daAuts
   Elf:3: 2023 daAuts
Vaults:2: 1983 daAuts
 Crypt:3: 1958 daAuts
Vaults:1: 1938 daAuts
    D:11: 1887 daAuts
   Elf:2: 1745 daAuts
  Lair:1: 1685 daAuts
Depths:3: 1656 daAuts
Vaults:4: 1643 daAuts
 Snake:3: 1578 daAuts
  Lair:4: 1543 daAuts
 Snake:4: 1540 daAuts
Depths:2: 1489 daAuts
